Workbook
Name _Экспорт: #REF!
Name _Экспорт: #REF!
Name OLE_LINK1: 'Прилож.1 ДОХОДОВ 2026'!$C$44
Name классность: #REF!
Name наименование: #REF!
Name наименование: #REF!
Name Перечень_МО: #REF!
Name Перечень_МО: #REF!
Name признак: #REF!
Name признак: #REF!
Name Список: #REF!
Name Список: #REF!

Sheet Прилож.1 ДОХОДОВ 2026
A1: Приложение 1 к решению муниципального совета МО Автово от 2026 года №_____
A2: "О бюджете внутригородского муниципального образования города федерального значения Санкт-Петербурга муниципальный округ Автово на 2026 год и на плановый период 2027-2028 годов"
B4: Глава МО Автово__________________И.В.Шмаков
A7: Объем поступлений доходов в бюджет внутригородского муниципального образования Санкт-Петербурга муниципальный округ Автово по кодам классификации доходов бюджета на 2026 год и на плановый период 2027-2028 годов
F8: тыс.руб.
C9: Наименование | D9: 2026 год | E9: Плановый период
E10: 2027 год | F10: 2028 год
A11: 1 | B11: 2 | C11: 3 | D11: 4 | E11: 6 | F11: 7
A12: 000 | B12: 1 00 00000 00 0000 000 | C12: НАЛОГОВЫЕ И НЕНАЛОГОВЫЕ ДОХОДЫ | D12: =D13+D18+D23+D31 -> 21923 | E12: =E13+E18+E23 -> 24178.6 | F12: =F13+F18+F23 -> 26669.2
A13: 000 | B13: 1 01 00000 00 0000 000 | C13: Налоги на прибыль, доходы | D13: =D14 -> 20887 | E13: =E14 -> 23110 | F13: =F14 -> 25557
A14: 000 | B14: 1 01 02000 01 0000 110 | C14: Налог на доходы физических лиц | D14: =D15 -> 20887 | E14: =E15 -> 23110 | F14: =F15 -> 25557
A15: 000 | B15: 1 01 02010 01 0000 110 | C15: Налог на доходы физических лиц с доходов, источником которых является налоговый агент, за исключением доходов, в отношении которых исчисление и уплата налога осуществляются в соответствии со статьями 227, 227.1 и 228 Налогового кодекса Российской Федерации, а также доходов от долевого участия в организации, полученных физическим лицом - налоговым резидентом Российской Федерации в виде дивидендов (в части суммы налога, не превышающей 650 тысяч рублей за налоговые периоды до 1 января 2025 года, а также в части суммы налога, не превышающей 312 тысяч рублей за налоговые периоды после 1 января 2025 года), а также налог на доходы физических лиц в отношении доходов от долевого участия в организации, полученных физическим лицом, не являющимся налоговым резидентом Российской Федерации, в виде дивидендов | D15: =D16+D17 -> 20887 | E15: =E16+E17 -> 23110 | F15: =F16+F17 -> 25557
A16: 182 | B16: 1 01 02010 01 1000 110 | C16: Налог на доходы физических лиц с доходов, источником которых является налоговый агент, за исключением доходов, в отношении которых исчисление и уплата налога осуществляются в соответствии со статьями 227, 227.1 и 228 Налогового кодекса Российской Федерации, а также доходов от долевого участия в организации, полученных физическим лицом - налоговым резидентом Российской Федерации в виде дивидендов (в части суммы налога, не превышающей 650 тысяч рублей за налоговые периоды до 1 января 2025 года, а также в части суммы налога, не превышающей 312 тысяч рублей за налоговые периоды после 1 января 2025 года), а также налог на доходы физических лиц в отношении доходов от долевого участия в организации, полученных физическим лицом, не являющимся налоговым резидентом Российской Федерации, в виде дивидендов | D16: =20896-10 -> 20886 | E16: 23109 | F16: 25556
A17: 182 | B17: 1 01 02010 01 3000 110 | C17: Налог на доходы физических лиц с доходов, источником которых является налоговый агент, за исключением доходов, в отношении которых исчисление и уплата налога осуществляются в соответствии со статьями 227, 227.1 и 228 Налогового кодекса Российской Федерации, а также доходов от долевого участия в организации, полученных физическим лицом - налоговым резидентом Российской Федерации в виде дивидендов (в части суммы налога, не превышающей 650 тысяч рублей за налоговые периоды до 1 января 2025 года, а также в части суммы налога, не превышающей 312 тысяч рублей за налоговые периоды после 1 января 2025 года), а также налог на доходы физических лиц в отношении доходов от долевого участия в организации, полученных физическим лицом, не являющимся налоговым резидентом Российской Федерации, в виде дивидендов | D17: 1 | E17: 1 | F17: 1
A18: 000 | B18: 1 13 00000 00 0000 000 | C18: ='[1]Реестр доходов с НДФЛ'!$D$14 -> ДОХОДЫ ОТ ОКАЗАНИЯ ПЛАТНЫХ УСЛУГ И КОМПЕНСАЦИИ ЗАТРАТ ГОСУДАРСТВА | D18: =D19 -> 958.6 | E18: =E19 -> 1041.6 | F18: =F19 -> 1084.1
A19: 000 | B19: 1 13 02000 00 0000 130 | C19: ='[1]Реестр доходов с НДФЛ'!$D$15 -> Доходы от компенсации затрат государства | D19: =D20 -> 958.6 | E19: =E20 -> 1041.6 | F19: =F20 -> 1084.1
A20: 000 | B20: 1 13 02990 00 0000 130 | C20: Прочие доходы от компенсации затрат государства | D20: =D21 -> 958.6 | E20: =E21 -> 1041.6 | F20: =F21 -> 1084.1
A21: 000 | B21: 1 13 02993 03 0000 130 | C21: ='[1]Реестр доходов с НДФЛ'!$D$17 -> Прочие доходы от компенсации затрат бюджетов внутригородских муниципальных образований городов федерального значения | D21: =D22 -> 958.6 | E21: =E22 -> 1041.6 | F21: =F22 -> 1084.1
A22: 867 | B22: 1 13 02993 03 0100 130 | C22: ='[1]Реестр доходов с НДФЛ'!$D$18 -> Средства, составляющие восстановительную стоимость зеленых насаждений общего пользования местного значения и подлежащие зачислению в бюджеты внутригородских муниципальных образований Санкт-Петербурга в соответствии с законодательством Санкт-Петербурга | D22: 958.6 | E22: ='[1]Реестр доходов с НДФЛ'!$K$18 -> 1041.6 | F22: ='[1]Реестр доходов с НДФЛ'!$L$18 -> 1084.1
A23: 000 | B23: 1 16 00000 00 0000 000 | C23: ='[1]Реестр доходов с НДФЛ'!$D$20 -> ШТРАФЫ, САНКЦИИ, ВОЗМЕЩЕНИЕ УЩЕРБА | D23: =D24+D27 -> 67.4 | E23: =E24+E27 -> 27 | F23: =F24+F27 -> 28.1
A24: 000 | B24: 1 16 02000 02 0000 140 | C24: ='[1]Реестр доходов с НДФЛ'!$D$24 -> Административные штрафы, установленные законами субъектов Российской Федерации об административных правонарушениях | D24: =D25 -> 50 | E24: =E25 -> 20.8 | F24: =F25 -> 21.6
A25: 000 | B25: 1 16 02010 02 0000 140 | C25: ='[1]Реестр доходов с НДФЛ'!$D$25 -> Административные штрафы, установленные законами субъектов Российской Федерации об административных правонарушениях | D25: =D26 -> 50 | E25: =E26 -> 20.8 | F25: =F26 -> 21.6
A26: 806 | B26: 1 16 02010 02 0600 140 | C26: ='[1]Реестр доходов с НДФЛ'!$D$26 -> Административные штрафы, установленные Законом Санкт-Петербурга от 12.05.2010 № 273-70 «Об административных правонарушениях в Санкт-Петербурге» за административные правонарушения, протоколы по которым составлены уполномоченными должностными лицами органов местного самоуправления в Санкт-Петербурге, по нормативу отчислений 50 процентов от сумм, подлежащих зачислению в бюджет Санкт-Петербурга по соответствующему муниципальному образованию, за исключением административных штрафов, установленных в главе 3 указанного Закона Санкт-Петербурга. | D26: ='[1]Реестр доходов с НДФЛ'!$J$26 -> 50 | E26: ='[1]Реестр доходов с НДФЛ'!$K$26 -> 20.8 | F26: ='[1]Реестр доходов с НДФЛ'!$L$26 -> 21.6
A27: 000 | B27: 1 16 10000 00 0000 140 | C27: ='[1]Реестр доходов с НДФЛ'!$D$33 -> Платежи в целях возмещения причиненного ущерба | D27: =D28 -> 17.4 | E27: =E28 -> 6.2 | F27: =F28 -> 6.5
A28: 000 | B28: 1 16 10120 00 0000 140 | C28: ='[1]Реестр доходов с НДФЛ'!$D$34 -> Денежные взыскания (штрафы) за нарушение законодательства Санкт-Петербурга, поступающие в счет погашения задолженности, образовавшейся до 1 января 2020 года, подлежащие зачислению в бюджеты муниципальных образований по нормативам, действующим до 1 января 2020 года | D28: =D29 -> 17.4 | E28: =E29 -> 6.2 | F28: =F29 -> 6.5
A29: 000 | B29: 1 16 10123 01 0000 140 | C29: ='[1]Реестр доходов с НДФЛ'!$D$35 -> Доходы от денежных взысканий (штрафов), поступающие в счет погашения задолженности, образовавшейся до 1 января 2020 года, подлежащие зачислению в бюджет муниципального образования по нормативам, действовавшим в 2019 году" | D29: =D30 -> 17.4 | E29: =E30 -> 6.2 | F29: =F30 -> 6.5
A30: 182 | B30: 1 16 10123 01 0031 140 | C30: ='[1]Реестр доходов с НДФЛ'!$D$36 -> Доходы от денежных взысканий (штрафов), поступающие в счет погашения задолженности, образовавшейся до 1 января 2020 года, подлежащие зачислению в бюджет муниципального образования по нормативам, действовавшим в 2019 году (доходы бюджетов внутригородских муниципальных образований городов федерального значения, за исключением доходов, направляемых на формирование муниципального дорожного фонда, а также иных платежей в случае принятия решения финансовым органом муниципального образования о раздельном учете задолженности) | D30: ='[1]Реестр доходов с НДФЛ'!$J$36 -> 17.4 | E30: ='[1]Реестр доходов с НДФЛ'!$K$36 -> 6.2 | F30: ='[1]Реестр доходов с НДФЛ'!$L$36 -> 6.5
A31: 000 | B31: 1 17 00000 00 0000 000 | C31: Прочие неналоговые доходы | D31: =D32 -> 10 | E31: 0 | F31: 0
A32: 000 | B32: 1 17 05000 00 0000 180 | C32: Прочие неналоговые доходы | D32: =D33 -> 10 | E32: 0 | F32: 0
A33: 928 | B33: 1 17 05030 03 0000 180 | C33: Прочие неналоговые доходы бюджетов внутригородских муниципальных образований городов федерального значения | D33: 10 | E33: 0 | F33: 0
A34: 000 | B34: 2 02 00000 00 0000 000 | C34: БЕЗВОЗМЕЗДНЫЕ ПОСТУПЛЕНИЯ ОТ ДРУГИХ БЮДЖЕТОВ БЮДЖЕТНОЙ СИСТЕМЫ РОССИЙСКОЙ ФЕДЕРАЦИИ | D34: =D35+D40 -> 131153.2 | E34: =E40+E35 -> 110742.2 | F34: =F40+F35 -> 99604.3
A35: 000 | B35: 2 02 10000 00 0000 150 | C35: Дотации бюджетам бюджетной системы Российской Федерации | D35: =D37+D38 -> 112121.3 | E35: =E37 -> 90918.8 | F35: =F37 -> 78972.2
A36: 000 | B36: 2 02 15001 00 0000 150 | C36: Дотации на выравнивание бюджетной обеспеченности | D36: =D37 -> 96587.6 | E36: =E37 -> 90918.8 | F36: =F37 -> 78972.2
A37: 928 | B37: 2 02 15001 03 0000 150 | C37: Дотации бюджетам внутригородских муниципальных образований городов федерального значения на выравнивание бюджетной обеспеченности из бюджета субъекта Российской Федерации | D37: ='[1]Реестр доходов с НДФЛ'!$J$53 -> 96587.6 | E37: ='[1]Реестр доходов с НДФЛ'!$K$53 -> 90918.8 | F37: ='[1]Реестр доходов с НДФЛ'!$L$53 -> 78972.2
A38: 000 | B38: ='[1]Реестр доходов с НДФЛ'!$C$54 -> 2 02 15002 00 0000 150 | C38: ='[1]Реестр доходов с НДФЛ'!$D$54 -> Дотации бюджетам на поддержку мер по обеспечению сбалансированности бюдже тов | D38: =D39 -> 15533.7 | E38: =E39 -> 0 | F38: =F39 -> 0
A39: 928 | B39: ='[1]Реестр доходов с НДФЛ'!$C$55 -> 2 02 15002 03 0000 150 | C39: ='[1]Реестр доходов с НДФЛ'!$D$55 -> Дотации бюджетам внутригородских муни ципальных образований городов федеральн ого значения на поддержку мер по обеспече нию сбалансированности бюджетов | D39: =15417.4+116.3 -> 15533.7 | E39: 0 | F39: 0
A40: 000 | B40: 2 02 30000 00 0000 150 | C40: Субвенции бюджетам бюджетной системы Российской Федерации | D40: =D41+D45 -> 19031.9 | E40: =E41+E45 -> 19823.4 | F40: =F41+F45 -> 20632.1 | G40: 2 02 30000 00 0000 151
A41: 000 | B41: 2 02 30024 00 0000 150 | C41: Субвенции местным бюджетам на выполнение передаваемых полномочий субъектов Российской Федерации | D41: =D42 -> 4756.1 | E41: =E42 -> 4953.5 | F41: =F42 -> 5155.6 | G41: 2 02 30024 00 0000 151
A42: 000 | B42: 2 02 30024 03 0000 150 | C42: Субвенции бюджетам внутригородских муниципальных образований городов федерального значения на выполнение передаваемых полномочий субъектов Российской Федерации | D42: =D43+D44 -> 4756.1 | E42: =E43+E44 -> 4953.5 | F42: =F43+F44 -> 5155.6 | G42: 2 02 30024 03 0000 151
A43: 928 | B43: 2 02 30024 03 0100 150 | C43: Субвенции бюджетам внутригородских муниципальных образований Санкт-Петербурга на выполнение отдельных государственных полномочий Санкт-Петербурга по организации и осуществлению деятельности по опеке и попечительству | D43: ='[1]Реестр доходов с НДФЛ'!$J$62 -> 4746 | E43: ='[1]Реестр доходов с НДФЛ'!$K$62 -> 4943 | F43: ='[1]Реестр доходов с НДФЛ'!$L$62 -> 5144.7 | G43: 2 02 30024 03 0100 151
A44: 928 | B44: 2 02 30024 03 0200 150 | C44: Субвенции бюджетам внутригородских муниципальных образований Санкт-Петербурга на выполнение отдельного государственного полномочия Санкт-Петербурга по определению должностных лиц, уполномоченных составлять протоколы об административных правонарушениях, и составлению протоколов об административных правонарушениях | D44: ='[1]Реестр доходов с НДФЛ'!$J$63 -> 10.1 | E44: ='[1]Реестр доходов с НДФЛ'!$K$63 -> 10.5 | F44: ='[1]Реестр доходов с НДФЛ'!$L$63 -> 10.9 | G44: 2 02 30024 03 0200 151
A45: 000 | B45: 2 02 30027 00 0000 150 | C45: Субвенции бюджетам на содержание ребенка, находящегося под опекой, попечительством, а также вознаграждение, причитающееся опекуну (попечителю), приемному родителю | D45: =D46 -> 14275.8 | E45: =E46 -> 14869.9 | F45: =F46 -> 15476.5 | G45: 2 02 30027 00 0000 151
A46: 000 | B46: 2 02 30027 03 0000 150 | C46: Субвенции бюджетам внутригородских муниципальных образований городов федерального значения на содержание ребенка, находящегося под опекой, попечительством, а также вознаграждение, причитающееся опекуну (попечителю), приемному родителю | D46: =D47+D48 -> 14275.8 | E46: =E47+E48 -> 14869.9 | F46: =F47+F48 -> 15476.5 | G46: 2 02 30027 03 0000 151
A47: 928 | B47: 2 02 30027 03 0100 150 | C47: Субвенции бюджетам внутригородских муниципальных образований Санкт-Петербурга на содержание ребенка в семье опекуна и приемной семье | D47: ='[1]Реестр доходов с НДФЛ'!$J$66 -> 7929.9 | E47: ='[1]Реестр доходов с НДФЛ'!$K$66 -> 8259.8 | F47: ='[1]Реестр доходов с НДФЛ'!$L$66 -> 8596.8 | G47: 2 02 30027 03 0100 151
A48: 928 | B48: 2 02 30027 03 0200 150 | C48: Субвенции бюджетам внутригородских муниципальных образований Санкт-Петербурга на вознаграждение, причитающееся приемному родителю | D48: ='[1]Реестр доходов с НДФЛ'!$J$67 -> 6345.9 | E48: ='[1]Реестр доходов с НДФЛ'!$K$67 -> 6610.1 | F48: ='[1]Реестр доходов с НДФЛ'!$L$67 -> 6879.7 | G48: 2 02 30027 03 0200 151
C49: ИТОГО ДОХОДОВ | D49: =D12+D34 -> 153076.2 | E49: =E12+E34 -> 134920.8 | F49: =F12+F34 -> 126273.5

Sheet Прилож 2 функц 
A1: Приложение 2 к решению муниципального совета МО Автово от ______ 2026 года №_____
A2: ='Прилож.1 ДОХОДОВ 2026'!A2:F2 -> "О бюджете внутригородского муниципального образования города федерального значения Санкт-Петербурга муниципальный округ Автово на 2026 год и на плановый период 2027-2028 годов"
A4: Глава МО Автово__________________И.В.Шмаков
A6: Распределение бюджетных ассигнований бюджета внутригородского муниципального образования города федерального значения Санкт-Петербурга муниципальный округ Автово по разделам, подразделам, целевым статьям, группам и подгруппам видов расходов на 2026 год и на плановый период 2027-2028 годов
A10: Главные распорядители средств местного бюджета МО МО Автово : муниципальный совет МО Автово (код 964), местная администрация МО МО Автово (код 928), ТИК № 41 (код 941)
A12: Наименование | B12: Код раздела, подраздела | C12: Код целевой статьи | D12: Код группы, подгруппы вида расходов | E12: Сумма (тыс. руб) 2026 год | F12: Плановый период
F13: 2027 год | G13: 2028 год
A14: ОБЩЕГОСУДАРСТВЕННЫЕ ВОПРОСЫ | B14: 0100 | E14: =E15+E30+E46+E50+E19+E187 -> 59517.4 | F14: =F15+F30+F46+F50+F19 -> 43895.1 | G14: =G15+G30+G46+G50+G19 -> 45970
A15: Функционирование высшего должностного лица субъекта Российской Федерации и муниципального образования | B15: 0102 | E15: =E16 -> 3911.5 | F15: =F16 -> 3437.8 | G15: =G16 -> 3578.1
A16: Глава муниципального образования | B16: 0102 | C16: 00201 00011 | E16: =E17 -> 3911.5 | F16: =F17 -> 3437.8 | G16: =G17 -> 3578.1
A17: Расходы на выплаты персоналу в целях обеспечения выполнения функций государственными (муниципальными) органами, казенными учреждениями, органами управления государственными внебюджетными фондами | B17: 0102 | C17: 00201 00011 | D17: 100 | E17: =E18 -> 3911.5 | F17: =F18 -> 3437.8 | G17: =G18 -> 3578.1
A18: Расходы на выплаты персоналу государственных (муниципальных) органов | B18: 0102 | C18: 00201 00011 | D18: 120 | E18: =[2]СВОД.БР2026_проект!$E$15 -> 3911.5 | F18: =[2]СВОД.БР2026_проект!$F$15 -> 3437.8 | G18: =[2]СВОД.БР2026_проект!$G$15 -> 3578.1
A19: Функционирование законодательных (представительных) органов государственной власти и представительных органов муниципальных образований | B19: 0103 | E19: =E20+E23 -> 9134 | F19: =F20+F23 -> 8714 | G19: =G20+G23 -> 9373.4
A20: Компенсация депутатам, осуществляющим свои полномочия на непостоянной основе | B20: 0103 | C20: 00203 00022 | E20: =E21 -> 397.7 | F20: =F21 -> 414.2 | G20: =G21 -> 431.1
A21: Расходы на выплаты персоналу в целях обеспечения выполнения функций государственными (муниципальными) органами, казенными учреждениями, органами управления государственными внебюджетными фондами | B21: 0103 | C21: 00203 00022 | D21: 100 | E21: =E22 -> 397.7 | F21: =F22 -> 414.2 | G21: =G22 -> 431.1
A22: Расходы на выплаты персоналу государственных (муниципальных) органов | B22: 0103 | C22: 00203 00022 | D22: 120 | E22: =[2]СВОД.БР2026_проект!$E$21 -> 397.7 | F22: =[2]СВОД.БР2026_проект!$F$21 -> 414.2 | G22: =[2]СВОД.БР2026_проект!$G$21 -> 431.1
A23: Аппарат представительного органа муниципального образования | B23: 0103 | C23: 00204 00021 | E23: =E24+E26+E28 -> 8736.3 | F23: =F24+F26+F28 -> 8299.8 | G23: =G24+G26+G28 -> 8942.3
A24: Расходы на выплаты персоналу в целях обеспечения выполнения функций государственными (муниципальными) органами, казенными учреждениями, органами управления государственными внебюджетными фондами | B24: 0103 | C24: 00204 00021 | D24: 100 | E24: =E25 -> 5094.1 | F24: =F25 -> 4752.2 | G24: =G25 -> 4946
A25: Расходы на выплаты персоналу государственных (муниципальных) органов | B25: 0103 | C25: 00204 00021 | D25: 120 | E25: =[2]СВОД.БР2026_проект!$E$25 -> 5094.1 | F25: =[2]СВОД.БР2026_проект!$F$25 -> 4752.2 | G25: =[2]СВОД.БР2026_проект!$G$25 -> 4946
A26: Закупка товаров, работ и услуг для обеспечения государственных (муниципальных) нужд | B26: 0103 | C26: 00204 00021 | D26: 200 | E26: =E27 -> 3634 | F26: =F27 -> 3539.5 | G26: =G27 -> 3988.2
A27: Иные закупки товаров, работ и услуг для обеспечения государственных (муниципальных) нужд | B27: 0103 | C27: 00204 00021 | D27: 240 | E27: 3634 | F27: 3539.5 | G27: 3988.2
A28: Иные бюджетные ассигнования | B28: 0103 | C28: 00204 00021 | D28: 800 | E28: =E29 -> 8.2 | F28: =F29 -> 8.1 | G28: =G29 -> 8.1
A29: Уплата налогов, сборов и иных платежей | B29: 0103 | C29: 00204 00021 | D29: 850 | E29: 8.2 | F29: 8.1 | G29: 8.1
A30: Функционирование Правительства Российской Федерации, высших исполнительных органов субъектов Российской Федерации, местных администраций | B30: 0104 | E30: =+E31+E39+E41 -> 30496.4 | F30: =+F31+F39+F41 -> 31176.8 | G30: =+G31+G39+G41 -> 32443.6
A31: Содержание и обеспечение деятельности местной администрации (исполнительно-распорядительного органа) муниципального образования | B31: 0104 | C31: 00203 00032 | E31: =E32+E34+E36 -> 23711.9 | F31: =F32+F34+F36 -> 24110.5 | G31: =G32+G34+G36 -> 25088
A32: Расходы на выплаты персоналу в целях обеспечения выполнения функций государственными (муниципальными) органами, казенными учреждениями, органами управления государственными внебюджетными фондами | B32: 0104 | C32: 00203 00032 | D32: 100 | E32: =E33 -> 22013.7 | F32: =F33 -> 22547.6 | G32: =G33 -> 23467.5
A33: Расходы на выплаты персоналу государственных (муниципальных) органов | B33: 0104 | C33: 00203 00032 | D33: 120 | E33: =[2]СВОД.БР2026_проект!$E$51 -> 22013.7 | F33: =[2]СВОД.БР2026_проект!$F$51 -> 22547.6 | G33: =[2]СВОД.БР2026_проект!$G$51 -> 23467.5
A34: Закупка товаров, работ и услуг для обеспечения государственных (муниципальных) нужд | B34: 0104 | C34: 00203 00032 | D34: 200 | E34: =E35 -> 1513.2 | F34: =F35 -> 1562.9 | G34: =G35 -> 1620.5
A35: Иные закупки товаров, работ и услуг для обеспечения государственных (муниципальных) нужд | B35: 0104 | C35: 00203 00032 | D35: 240 | E35: 1513.2 | F35: 1562.9 | G35: 1620.5
A36: Иные бюджетные ассигнования | B36: 0104 | C36: 00203 00032 | D36: 800 | E36: =E37 -> 185 | F36: =F37 -> 0 | G36: =G37 -> 0
A37: Уплата налогов, сборов и иных платежей | B37: 0104 | C37: 00203 00032 | D37: 850 | E37: 185 | F37: 0 | G37: 0
A38: Расходы на исполнение государственного полномочия по организации осуществлению деятельности по опеке и попечительству за счет средств местного бюджета | B38: 0104 | C38: 00200 N0850 | E38: =E39 -> 2038.5 | F38: =F39 -> 2123.3 | G38: =G39 -> 2210.9
A39: Расходы на выплаты персоналу в целях обеспечения выполнения функций государственными (муниципальными) органами, казенными учреждениями, органами управления государственными внебюджетными фондами | B39: 0104 | C39: 00200 N0850 | D39: 100 | E39: =E40 -> 2038.5 | F39: =F40 -> 2123.3 | G39: =G40 -> 2210.9
A40: Расходы на выплаты персоналу государственных (муниципальных) органов | B40: 0104 | C40: 00200 N0850 | D40: 120 | E40: =[2]СВОД.БР2026_проект!$E$63 -> 2038.5 | F40: =[2]СВОД.БР2026_проект!$F$63 -> 2123.3 | G40: =[2]СВОД.БР2026_проект!$G$63 -> 2210.9
A41: Расходы на исполнение государственного полномочия по организации осуществлению деятельности по опеке и попечительству за счет субвенций из бюджета Санкт-Петербурга | B41: 0104 | C41: 00200 G0850 | E41: =E42+E44 -> 4746 | F41: =F42+F44 -> 4943 | G41: =G42+G44 -> 5144.7
A42: Расходы на выплаты персоналу в целях обеспечения выполнения функций государственными (муниципальными) органами, казенными учреждениями, органами управления государственными внебюджетными фондами | B42: 0104 | C42: 00200 G0850 | D42: 100 | E42: =E43 -> 4562.3 | F42: =F43 -> 4752.2 | G42: =G43 -> 4946
A43: Расходы на выплаты персоналу государственных (муниципальных) органов | B43: 0104 | C43: 00200 G0850 | D43: 120 | E43: =[2]СВОД.БР2026_проект!$E$68 -> 4562.3 | F43: =[2]СВОД.БР2026_проект!$F$68 -> 4752.2 | G43: =[2]СВОД.БР2026_проект!$G$68 -> 4946
A44: Закупка товаров, работ и услуг для обеспечения государственных (муниципальных) нужд | B44: 0104 | C44: 00200 G0850 | D44: 200 | E44: =E45 -> 183.7 | F44: =F45 -> 190.8 | G44: =G45 -> 198.7
A45: Иные закупки товаров, работ и услуг для обеспечения государственных (муниципальных) нужд | B45: 0104 | C45: 00200 G0850 | D45: 240 | E45: =[2]СВОД.БР2026_проект!$E$72 -> 183.7 | F45: =[2]СВОД.БР2026_проект!$F$72 -> 190.8 | G45: =[2]СВОД.БР2026_проект!$G$72 -> 198.7
A46: Резервные фонды | B46: 0111 | E46: =E47 -> 30 | F46: =F47 -> 30 | G46: =G47 -> 30
A47: Резервный фонд местной администрации | B47: 0111 | C47: 07001 00061 | E47: =E48 -> 30 | F47: =F48 -> 30 | G47: =G48 -> 30
A48: Иные бюджетные ассигнования | B48: 0111 | C48: 07001 00061 | D48: 800 | E48: =E49 -> 30 | F48: =F49 -> 30 | G48: =G49 -> 30
A49: Резервные средства | B49: 0111 | C49: 07001 00061 | D49: 870 | E49: 30 | F49: 30 | G49: 30
A50: Другие общегосударственные вопросы | B50: 0113 | E50: =E51+E57+E60+E63+E54 -> 528.1 | F50: =F51+F57+F60+F63 -> 536.5 | G50: =G51+G57+G60+G63 -> 544.9
A51: Уплата членских взносов на осуществление деятельности Совета муниципальных образований Санкт-Петербурга и содержание его органов | B51: 0113 | C51: 09205 00441 | E51: =E52 -> 228 | F51: =F52 -> 228 | G51: =G52 -> 228
A52: Иные бюджетные ассигнования | B52: 0113 | C52: 09205 00441 | D52: 800 | E52: =E53 -> 228 | F52: =F53 -> 228 | G52: =G53 -> 228
A53: Уплата прочих налогов, сборов и иных платежей | B53: 0113 | C53: 09205 00441 | D53: 850 | E53: =[2]СВОД.БР2026_проект!$E$40 -> 228 | F53: =[2]СВОД.БР2026_проект!$F$40 -> 228 | G53: =[2]СВОД.БР2026_проект!$G$40 -> 228
A54: Уплата добровольного целевого взноса членов Совета муниципальных образований Санкт-Петербурга на организацию празднования 20-летия Совета муниципальных образований Санкт-Петербура | B54: 0113 | C54: 09208 00442 | E54: =E55 -> 0
A55: Иные бюджетные ассигнования | B55: 0113 | C55: 09208 00442 | D55: 800
A56: Уплата прочих налогов, сборов и иных платежей | B56: 0113 | C56: 09208 00442 | D56: 850
A57: Исполнение судебных актов РФ и мировых соглашений по возмещению вреда, причиненного гражданину или юридическому лицу в результате незаконных действий (бездействия) органов местного самоуправления либо должностных лиц этих органов, а также деятельности государственных (муниципальных) учреждений | B57: 0113 | C57: 09200 00281 | E57: =E58 -> 100 | F57: =F58 -> 100 | G57: =G58 -> 100
A58: Иные бюджетные ассигнования | B58: 0113 | C58: 09200 00281 | D58: 800 | E58: =E59 -> 100 | F58: =F59 -> 100 | G58: =G59 -> 100
A59: Исполнение судебных актов | B59: 0113 | C59: 09200 00281 | D59: 830 | E59: =[2]СВОД.БР2026_проект!$E$82 -> 100 | F59: =[2]СВОД.БР2026_проект!$F$82 -> 100 | G59: =[2]СВОД.БР2026_проект!$G$82 -> 100
A60: Осуществление защиты прав потребителей | B60: 0113 | C60: 09207 00743 | E60: =E61 -> 190 | F60: =F61 -> 198 | G60: =G61 -> 206
A61: Закупка товаров, работ и услуг для обеспечения государственных (муниципальных) нужд | B61: 0113 | C61: 09207 00743 | D61: 200 | E61: =E62 -> 190 | F61: =F62 -> 198 | G61: =G62 -> 206
A62: Иные закупки товаров, работ и услуг для обеспечения государственных (муниципальных) нужд | B62: 0113 | C62: 09207 00743 | D62: 240 | E62: =[2]СВОД.БР2026_проект!$E$86 -> 190 | F62: =[2]СВОД.БР2026_проект!$F$86 -> 198 | G62: =[2]СВОД.БР2026_проект!$G$86 -> 206
A63: Расходы на исполнение государственного полномочия по составлению протоколов об административных правонарушениях за счет субвенций из бюджета Санкт-Петербурга | B63: 0113 | C63: 09200 G0100 | E63: =E64 -> 10.1 | F63: =F64 -> 10.5 | G63: =G64 -> 10.9
A64: Закупка товаров, работ и услуг для обеспечения государственных (муниципальных) нужд | B64: 0113 | C64: 09200 G0100 | D64: 200 | E64: =E65 -> 10.1 | F64: =F65 -> 10.5 | G64: =G65 -> 10.9
A65: Иные закупки товаров, работ и услуг для обеспечения государственных (муниципальных) нужд | B65: 0113 | C65: 09200 G0100 | D65: 240 | E65: =[2]СВОД.БР2026_проект!$E$90 -> 10.1 | F65: =[2]СВОД.БР2026_проект!$F$90 -> 10.5 | G65: =[2]СВОД.БР2026_проект!$G$90 -> 10.9
A66: НАЦИОНАЛЬНАЯ БЕЗОПАСНОСТЬ И ПРАВООХРАНИТЕЛЬНАЯ ДЕЯТЕЛЬНОСТЬ | B66: 0300 | E66: =E67 -> 163 | F66: =F67 -> 170 | G66: =G67 -> 179
A67: Защита населения и территории от чрезвычайных ситуаций природного и техногенного характера, пожарная безопасность | B67: 0310 | E67: =E68 -> 163 | F67: =F68 -> 170 | G67: =G68 -> 179
A68: Проведение подготовки и обучения неработающего населения способам защиты и действиям в чрезвычайных ситуациях, а также способам защиты от опасностей, возникающих при ведении военных действий или вследствие этих действий | B68: 0310 | C68: 21903 00091 | E68: =E69 -> 163 | F68: =F69 -> 170 | G68: =G69 -> 179
A69: Закупка товаров, работ и услуг для обеспечения государственных (муниципальных) нужд | B69: 0310 | C69: 21903 00091 | D69: 200 | E69: =E70 -> 163 | F69: =F70 -> 170 | G69: =G70 -> 179
A70: Иные закупки товаров, работ и услуг для обеспечения государственных (муниципальных) нужд | B70: 0310 | C70: 21903 00091 | D70: 240 | E70: =[2]СВОД.БР2026_проект!$E$96 -> 163 | F70: =[2]СВОД.БР2026_проект!$F$96 -> 170 | G70: =[2]СВОД.БР2026_проект!$G$96 -> 179
A71: НАЦИОНАЛЬНАЯ ЭКОНОМИКА | B71: 0400 | E71: =E72 -> 1237.4 | F71: =F72 -> 1294.5 | G71: =G72 -> 1347.3
A72: Общеэкономические вопросы | B72: 0401 | E72: =E74 -> 1237.4 | F72: =F74 -> 1294.5 | G72: =G74 -> 1347.3
A73: Выполнение функций муниципальным казенным учреждением "Автовский Центр благоустройства и социального развития" | B73: 0401 | E73: =E74 -> 1237.4 | F73: =F74 -> 1294.5 | G73: =G74 -> 1347.3
A74: Организация и финансирование временного трудоустройства несовершеннолетних в возрасте от 14 до 18 лет в свободное от учебы время | B74: 0401 | C74: 51002 00101 | E74: =E75+E77 -> 1237.4 | F74: =F75+F77 -> 1294.5 | G74: =G75+G77 -> 1347.3
A75: Расходы на выплаты персоналу в целях обеспечения выполнения функций государственными (муниципальными) органами, казенными учреждениями, органами управления государственными внебюджетными фондами | B75: 0401 | C75: 51002 00101 | D75: 100 | E75: =E76 -> 1054.2 | F75: =F76 -> 1102.9 | G75: =G76 -> 1147.9
A76: Расходы на выплаты персоналу казенных учреждений | B76: 0401 | C76: 51002 00101 | D76: 110 | E76: =[2]СВОД.БР2026_проект!$E$103 -> 1054.2 | F76: =[2]СВОД.БР2026_проект!$F$103 -> 1102.9 | G76: =[2]СВОД.БР2026_проект!$G$103 -> 1147.9
A77: Закупка товаров, работ и услуг для обеспечения государственных (муниципальных) нужд | B77: 0401 | C77: 51002 00101 | D77: 200 | E77: =E78 -> 183.2 | F77: =F78 -> 191.6 | G77: =G78 -> 199.4
A78: Иные закупки товаров, работ и услуг для обеспечения государственных (муниципальных) нужд | B78: 0401 | C78: 51002 00101 | D78: 240 | E78: =[2]СВОД.БР2026_проект!$E$107 -> 183.2 | F78: =[2]СВОД.БР2026_проект!$F$107 -> 191.6 | G78: =[2]СВОД.БР2026_проект!$G$107 -> 199.4
A79: ЖИЛИЩНО-КОММУНАЛЬНОЕ ХОЗЯЙСТВО | B79: 0500 | E79: =E80 -> 52627.4 | F79: =F80 -> 32127.5 | G79: =G80 -> 17875.1
A80: Благоустройство | B80: 0503 | E80: =E81+E88 -> 52627.4 | F80: =F81+F88 -> 32127.5 | G80: =G81+G88 -> 17875.1
A81: Содержание и обеспечение деятельности муниципального (казенного) учреждения, осуществляющего руководство и управление в сфере жилищно-коммунального хозяйства | B81: 0503 | C81: 00299 01461 | E81: =E82+E84+E86 -> 12959.9 | F81: =F82+F84+F86 -> 13143.2 | G81: =G82+G84+G86 -> 13679.2
A82: Расходы на выплаты персоналу в целях обеспечения выполнения функций государственными (муниципальными) органами, казенными учреждениями, органами управления государственными внебюджетными фондами | B82: 0503 | C82: 00299 01461 | D82: 100 | E82: =E83 -> 10998.8 | F82: =F83 -> 12196 | G82: =G83 -> 12693.6
A83: Расходы на выплаты персоналу казенных учреждений | B83: 0503 | C83: 00299 01461 | D83: 110 | E83: 10998.8 | F83: 12196 | G83: =[2]СВОД.БР2026_проект!$G$113 -> 12693.6
A84: Закупка товаров, работ и услуг для обеспечения государственных (муниципальных) нужд | B84: 0503 | C84: 00299 01461 | D84: 200 | E84: =E85 -> 1961.1 | F84: =F85 -> 947.2 | G84: =G85 -> 985.6
A85: Иные закупки товаров, работ и услуг для обеспечения государственных (муниципальных) нужд | B85: 0503 | C85: 00299 01461 | D85: 240 | E85: 1961.1 | F85: 947.2 | G85: 985.6
A86: Иные бюджетные ассигнования | B86: 0503 | C86: 00299 01461 | D86: 800 | E86: =E87 -> 0 | F86: =F87 -> 0 | G86: =G87 -> 0
A87: Уплата налогов, сборов и иных платежей | B87: 0503 | C87: 00299 01461 | D87: 850 | E87: 0 | F87: 0 | G87: 0
A88: Выполнение функций муниципальным казенным учреждением "Автовский Центр благоустройства и социального развития" | B88: 0503 | E88: =E89+E98+E101+E92+E95 -> 39667.5 | F88: =F89+F98+F101 -> 18984.3 | G88: =G89+G98+G101 -> 4195.9
A89: Организация благоустройства территории муниципального образования | B89: 0503 | C89: 60001 01131 | E89: =E90 -> 25741 | F89: =F90 -> 6670.6 | G89: =G90 -> 2684.5
A90: Закупка товаров, работ и услуг для обеспечения государственных (муниципальных) нужд | B90: 0503 | C90: 60001 01131 | D90: 200 | E90: =E91 -> 25741 | F90: =F91 -> 6670.6 | G90: =G91 -> 2684.5
A91: Иные закупки товаров, работ и услуг для обеспечения государственных (муниципальных) нужд | B91: 0503 | C91: 60001 01131 | D91: 240 | E91: =25741 -> 25741 | F91: =[2]СВОД.БР2026_проект!$F$127 -> 6670.6 | G91: =[2]СВОД.БР2026_проект!$G$127 -> 2684.5
A92: Расходы на организацию благоустройства территории муниципального образования за счет субсидии из бюджета Санкт-Петербурга в рамках выполнения мероприятий программы «Мой двор» | B92: 0503 | C92: 60001 SP003 | E92: =E93 -> 0 | F92: 0 | G92: 0
A93: Закупка товаров, работ и услуг для государственных (муниципальных) нужд | B93: 0503 | C93: 60001 SP003 | D93: 200 | E93: =E94 -> 0 | F93: 0 | G93: 0
A94: Иные закупки товаров, работ и услуг для обеспечения государственных (муниципальных) нужд | B94: 0503 | C94: 60001 SP003 | D94: 240 | E94: 0 | F94: 0 | G94: 0
A95: Расходы на организацию благоустройства территории муниципального образования за счет местного бюджета в рамках выполнения мероприятий программы «Мой двор» | B95: 0503 | C95: 60001 NP003 | E95: =E96 -> 0 | F95: 0 | G95: 0
A96: Закупка товаров, работ и услуг для государственных (муниципальных) нужд | B96: 0503 | C96: 60001 NP003 | D96: 200 | E96: =E97 -> 0 | F96: 0 | G96: 0
A97: Иные закупки товаров, работ и услуг для обеспечения государственных (муниципальных) нужд | B97: 0503 | C97: 60001 NP003 | D97: 240 | E97: 0 | F97: 0 | G97: 0
A98: Осуществление работ в сфере озеленения на территории муниципального образования | B98: 0503 | C98: 60003 01151 | E98: =E99 -> 13821.5 | F98: =F99 -> 12204.7 | G98: =G99 -> 1398.4
A99: Закупка товаров, работ и услуг для обеспечения государственных (муниципальных) нужд | B99: 0503 | C99: 60003 01151 | D99: 200 | E99: =E100 -> 13821.5 | F99: =F100 -> 12204.7 | G99: =G100 -> 1398.4
A100: Иные закупки товаров, работ и услуг для обеспечения государственных (муниципальных) нужд | B100: 0503 | C100: 60003 01151 | D100: 240 | E100: =13705.2+116.3 -> 13821.5 | F100: =[2]СВОД.БР2026_проект!$F$131 -> 12204.7 | G100: =[2]СВОД.БР2026_проект!$G$131 -> 1398.4
A101: Участие в реализации мер по профилактике дорожно-транспортного травматизма на территории муниципального образования, включая размещение, содержание и ремонт искусственных неровностей на внутриквартальных проездах | B101: 0503 | C101: 79501 00491 | E101: =E102 -> 105 | F101: =F102 -> 109 | G101: =G102 -> 113
A102: Закупка товаров, работ и услуг для обеспечения государственных (муниципальных) нужд | B102: 0503 | C102: 79501 00491 | D102: 200 | E102: =E103 -> 105 | F102: =F103 -> 109 | G102: =G103 -> 113
A103: Иные закупки товаров, работ и услуг для обеспечения государственных (муниципальных) нужд | B103: 0503 | C103: 79501 00491 | D103: 240 | E103: =[2]СВОД.БР2026_проект!$E$135 -> 105 | F103: =[2]СВОД.БР2026_проект!$F$135 -> 109 | G103: =[2]СВОД.БР2026_проект!$G$135 -> 113
A104: ОБРАЗОВАНИЕ | B104: 0700 | E104: =E105+E109 -> 2156 | F104: =F105+F109 -> 1303.2 | G104: =G105+G109 -> 1358.3
A105: Профессиональная подготовка, переподготовка и повышение квалификации | B105: 0705 | E105: =E106 -> 109 | F105: =F106 -> 113.5 | G105: =G106 -> 118.2
A106: Расходы на организацию профессионального образования и дополнительного профессионального образования выборных должностных лиц местного самоуправления, членов выборных органов местного самоуправления, депутатов муниципальных советов муниципальных образований, муниципальных служащих и работников муниципальных учреждений, организация подготовки кадров для муниципальной службы в порядке, предусмотренном законодательством Российской Федерации об образовании и законодательством Российской Федерации о муниципальной службе | B106: 0705 | C106: 00205 00181 | E106: =E107 -> 109 | F106: =F107 -> 113.5 | G106: =G107 -> 118.2
...

Sheet Прилож №3 ведомств.
A1: Приложение 3 к решению муниципального совета МО Автово от ______ 2026 года №_____
A8: ='Прилож 2 функц '!A2:G2 -> "О бюджете внутригородского муниципального образования города федерального значения Санкт-Петербурга муниципальный округ Автово на 2026 год и на плановый период 2027-2028 годов"
D9: Глава МО Автово_________________И.В.Шмаков
A10: Ведомственная структура расходов бюджета внутригородского муниципального образования города федерального значения Санкт-Петербурга муниципальный округ Автово на 2026 год и на плановый период 2027-2028 годов
A11: Главные распорядители средств местного бюджета МО МО Автово : муниципальный совет МО МО Автово (код 964), местная администрация МО МО Автово (код 928), ТИК № 41 ( код 941)
A12: Наименование | B12: Код раздела, подраздела | C12: Код целевой статьи | D12: Код группы, подгруппы вида расходов | E12: Сумма (тыс.руб.) 2026 г | F12: Плановый период
F13: 2027 | G13: 2028
A14: Муниципальный совет внутригородского муниципального образования города федерального значения Санкт-Петербурга муниципальный округ Автово (код главного распорядителя бюджетных средств 964) | E14: =E15 -> 13273.5 | F14: =F15 -> 12379.8 | G14: =G15 -> 13179.5
A15: ОБЩЕГОСУДАРСТВЕННЫЕ ВОПРОСЫ | B15: 0100 | E15: =E16+E20+E31 -> 13273.5 | F15: =F16+F20+F31 -> 12379.8 | G15: =G16+G20+G31 -> 13179.5
A16: Функционирование высшего должностного лица субъекта Российской Федерации и муниципального образования | B16: 0102 | E16: =E17 -> 3911.5 | F16: =F17 -> 3437.8 | G16: =G17 -> 3578.1
A17: Глава муниципального образования | B17: 0102 | C17: 00201 00011 | E17: =E18 -> 3911.5 | F17: =F18 -> 3437.8 | G17: =G18 -> 3578.1
A18: Расходы на выплаты персоналу в целях обеспечения выполнения функций государственными (муниципальными) органами, казенными учреждениями, органами управления государственными внебюджетными фондами | B18: 0102 | C18: 00201 00011 | D18: 100 | E18: =E19 -> 3911.5 | F18: =F19 -> 3437.8 | G18: =G19 -> 3578.1
A19: Расходы на выплаты персоналу государственных (муниципальных) органов | B19: 0102 | C19: 00201 00011 | D19: 120 | E19: ='Прилож 2 функц '!E18 -> 3911.5 | F19: ='Прилож 2 функц '!F18 -> 3437.8 | G19: ='Прилож 2 функц '!G18 -> 3578.1
A20: Функционирование законодательных (представительных) органов государственной власти и представительных органов муниципальных образований | B20: 0103 | E20: =E21+E24 -> 9134 | F20: =F21+F24 -> 8714 | G20: =G21+G24 -> 9373.4
A21: Компенсация депутатам, осуществляющим свои полномочия на непостоянной основе | B21: 0103 | C21: 00203 00022 | E21: =E22 -> 397.7 | F21: =F22 -> 414.2 | G21: =G22 -> 431.1
A22: Расходы на выплаты персоналу в целях обеспечения выполнения функций государственными (муниципальными) органами, казенными учреждениями, органами управления государственными внебюджетными фондами | B22: 0103 | C22: 00203 00022 | D22: 100 | E22: =E23 -> 397.7 | F22: =F23 -> 414.2 | G22: =G23 -> 431.1
A23: Расходы на выплаты персоналу государственных (муниципальных) органов | B23: 0103 | C23: 00203 00022 | D23: 120 | E23: ='Прилож 2 функц '!E22 -> 397.7 | F23: ='Прилож 2 функц '!F22 -> 414.2 | G23: ='Прилож 2 функц '!G22 -> 431.1
A24: Аппарат представительного органа муниципального образования | B24: 0103 | C24: 00204 00021 | E24: =E25+E27+E29 -> 8736.3 | F24: =F25+F27+F29 -> 8299.8 | G24: =G25+G27+G29 -> 8942.3
A25: Расходы на выплаты персоналу в целях обеспечения выполнения функций государственными (муниципальными) органами, казенными учреждениями, органами управления государственными внебюджетными фондами | B25: 0103 | C25: 00204 00021 | D25: 100 | E25: =E26 -> 5094.1 | F25: =F26 -> 4752.2 | G25: =G26 -> 4946
A26: Расходы на выплаты персоналу государственных (муниципальных) органов | B26: 0103 | C26: 00204 00021 | D26: 120 | E26: ='Прилож 2 функц '!E25 -> 5094.1 | F26: ='Прилож 2 функц '!F25 -> 4752.2 | G26: ='Прилож 2 функц '!G25 -> 4946
A27: Закупка товаров, работ и услуг для обеспечения государственных (муниципальных) нужд | B27: 0103 | C27: 00204 00021 | D27: 200 | E27: =E28 -> 3634 | F27: =F28 -> 3539.5 | G27: =G28 -> 3988.2
A28: Иные закупки товаров, работ и услуг для обеспечения государственных (муниципальных) нужд | B28: 0103 | C28: 00204 00021 | D28: 240 | E28: ='Прилож 2 функц '!E27 -> 3634 | F28: ='Прилож 2 функц '!F27 -> 3539.5 | G28: ='Прилож 2 функц '!G27 -> 3988.2
A29: Иные бюджетные ассигнования | B29: 0103 | C29: 00204 00021 | D29: 800 | E29: =E30 -> 8.2 | F29: =F30 -> 8.1 | G29: =G30 -> 8.1
A30: Уплата налогов, сборов и иных платежей | B30: 0103 | C30: 00204 00021 | D30: 850 | E30: ='Прилож 2 функц '!E29 -> 8.2 | F30: ='Прилож 2 функц '!F29 -> 8.1 | G30: ='Прилож 2 функц '!G29 -> 8.1
A31: ДРУГИЕ ОБЩЕГОСУДАРСТВЕННЫЕ ВОПРОСЫ | B31: 0113 | E31: =E32+E35 -> 228 | F31: =F32 -> 228 | G31: =G32 -> 228
A32: Уплата членских взносов на осуществление деятельности Совета муниципальных образований Санкт-Петербурга и содержание его органов | B32: 0113 | C32: 09205 00441 | E32: =E33 -> 228 | F32: =F33 -> 228 | G32: =G33 -> 228
A33: Иные бюджетные ассигнования | B33: 0113 | C33: 09205 00441 | D33: 800 | E33: =E34 -> 228 | F33: =F34 -> 228 | G33: =G34 -> 228
A34: Уплата прочих налогов, сборов и иных платежей | B34: 0113 | C34: 09205 00441 | D34: 850 | E34: ='Прилож 2 функц '!E53 -> 228 | F34: ='Прилож 2 функц '!F53 -> 228 | G34: ='Прилож 2 функц '!G53 -> 228
A35: ='Прилож 2 функц '!A54 -> Уплата добровольного целевого взноса членов Совета муниципальных образований Санкт-Петербурга на организацию празднования 20-летия Совета муниципальных образований Санкт-Петербура | B35: 0113 | C35: 09208 00442 | E35: =E36 -> 0
A36: ='Прилож 2 функц '!A55 -> Иные бюджетные ассигнования | B36: 0113 | C36: 09208 00442 | D36: 800 | E36: =E37 -> 0
A37: ='Прилож 2 функц '!A56 -> Уплата прочих налогов, сборов и иных платежей | B37: 0113 | C37: 09208 00442 | D37: 850 | E37: ='Прилож 2 функц '!E56 -> 0
A38: Местная администрация внутригородского муниципального образования города федерального значения Санкт-Петербурга муниципальный округ Автово (код главного распорядителя бюджетных средств 928) | E38: =E39+E70+E75+E83+E103+E132+E143+E159+E172 -> 140185.3 | F38: =F39+F70+F75+F83+F103+F132+F143+F159+F172 -> 119088.1 | G38: =G39+G70+G75+G83+G103+G132+G143+G159+G172 -> 106755.5
A39: ОБЩЕГОСУДАРСТВЕННЫЕ ВОПРОСЫ | B39: 0100 | E39: =E40+E56+E60 -> 30826.5 | F39: =F40+F56+F60 -> 31515.3 | G39: =G40+G56+G60 -> 32790.5
A40: Функционирование Правительства Российской Федерации, высших исполнительных органов субъектов Российской Федерации, местных администраций | B40: 0104 | E40: =E41+E49+E51 -> 30496.4 | F40: =F41+F49+F51 -> 31176.8 | G40: =G41+G49+G51 -> 32443.6
A41: Содержание и обеспечение деятельности местной администрации (исполнительно-распорядительного органа) муниципального образования | B41: 0104 | C41: 00203 00032 | E41: =E42+E44+E46 -> 23711.9 | F41: =F42+F44+F46 -> 24110.5 | G41: =G42+G44+G46 -> 25088
A42: Расходы на выплаты персоналу в целях обеспечения выполнения функций государственными (муниципальными) органами, казенными учреждениями, органами управления государственными внебюджетными фондами | B42: 0104 | C42: 00203 00032 | D42: 100 | E42: =E43 -> 22013.7 | F42: =F43 -> 22547.6 | G42: =G43 -> 23467.5
A43: Расходы на выплаты персоналу государственных (муниципальных) органов | B43: 0104 | C43: 00203 00032 | D43: 120 | E43: ='Прилож 2 функц '!E33 -> 22013.7 | F43: ='Прилож 2 функц '!F33 -> 22547.6 | G43: ='Прилож 2 функц '!G33 -> 23467.5
A44: Закупка товаров, работ и услуг для обеспечения государственных (муниципальных) нужд | B44: 0104 | C44: 00203 00032 | D44: 200 | E44: =E45 -> 1513.2 | F44: =F45 -> 1562.9 | G44: =G45 -> 1620.5
A45: Иные закупки товаров, работ и услуг для обеспечения государственных (муниципальных) нужд | B45: 0104 | C45: 00203 00032 | D45: 240 | E45: ='Прилож 2 функц '!E35 -> 1513.2 | F45: ='Прилож 2 функц '!F35 -> 1562.9 | G45: ='Прилож 2 функц '!G35 -> 1620.5
A46: Иные бюджетные ассигнования | B46: 0104 | C46: 00203 00032 | D46: 800 | E46: =E47 -> 185 | F46: =F47 -> 0 | G46: =G47 -> 0
A47: Уплата налогов, сборов и иных платежей | B47: 0104 | C47: 00203 00032 | D47: 850 | E47: ='Прилож 2 функц '!E37 -> 185 | F47: ='Прилож 2 функц '!F37 -> 0 | G47: ='Прилож 2 функц '!G37 -> 0
A48: Расходы на исполнение государственного полномочия по организации осуществлению деятельности по опеке и попечительству за счет средств местного бюджета | B48: 0104 | C48: 00200 N0850 | E48: =E49 -> 2038.5 | F48: =F49 -> 2123.3 | G48: =G49 -> 2210.9
A49: Расходы на выплаты персоналу в целях обеспечения выполнения функций государственными (муниципальными) органами, казенными учреждениями, органами управления государственными внебюджетными фондами | B49: 0104 | C49: 00200 N0850 | D49: 100 | E49: =E50 -> 2038.5 | F49: =F50 -> 2123.3 | G49: =G50 -> 2210.9
A50: Расходы на выплаты персоналу государственных (муниципальных) органов | B50: 0104 | C50: 00200 N0850 | D50: 120 | E50: ='Прилож 2 функц '!E40 -> 2038.5 | F50: ='Прилож 2 функц '!F40 -> 2123.3 | G50: ='Прилож 2 функц '!G40 -> 2210.9
A51: Расходы на исполнение государственного полномочия по организации осуществлению деятельности по опеке и попечительству за счет субвенций из бюджета Санкт-Петербурга | B51: 0104 | C51: 00200 G0850 | E51: =E52+E54 -> 4746 | F51: =F52+F54 -> 4943 | G51: =G52+G54 -> 5144.7
A52: Расходы на выплаты персоналу в целях обеспечения выполнения функций государственными (муниципальными) органами, казенными учреждениями, органами управления государственными внебюджетными фондами | B52: 0104 | C52: 00200 G0850 | D52: 100 | E52: =E53 -> 4562.3 | F52: =F53 -> 4752.2 | G52: =G53 -> 4946
A53: Расходы на выплаты персоналу государственных (муниципальных) органов | B53: 0104 | C53: 00200 G0850 | D53: 120 | E53: ='Прилож 2 функц '!E43 -> 4562.3 | F53: ='Прилож 2 функц '!F43 -> 4752.2 | G53: ='Прилож 2 функц '!G43 -> 4946
A54: Закупка товаров, работ и услуг для обеспечения государственных (муниципальных) нужд | B54: 0104 | C54: 00200 G0850 | D54: 200 | E54: =E55 -> 183.7 | F54: =F55 -> 190.8 | G54: =G55 -> 198.7
A55: Иные закупки товаров, работ и услуг для обеспечения государственных (муниципальных) нужд | B55: 0104 | C55: 00200 G0850 | D55: 240 | E55: ='Прилож 2 функц '!E44 -> 183.7 | F55: ='Прилож 2 функц '!F44 -> 190.8 | G55: ='Прилож 2 функц '!G44 -> 198.7
A56: РЕЗЕРВНЫЕ ФОНДЫ | B56: 0111 | E56: =E57 -> 30 | F56: =F57 -> 30 | G56: =G57 -> 30
A57: Резервный фонд местной администрации | B57: 0111 | C57: 07001 00061 | E57: =E58 -> 30 | F57: =F58 -> 30 | G57: =G58 -> 30
A58: Иные бюджетные ассигнования | B58: 0111 | C58: 07001 00061 | D58: 800 | E58: =E59 -> 30 | F58: =F59 -> 30 | G58: =G59 -> 30
A59: Резервные средства | B59: 0111 | C59: 07001 00061 | D59: 870 | E59: ='Прилож 2 функц '!E49 -> 30 | F59: ='Прилож 2 функц '!F49 -> 30 | G59: ='Прилож 2 функц '!G49 -> 30
A60: ДРУГИЕ ОБЩЕГОСУДАРСТВЕННЫЕ ВОПРОСЫ | B60: 0113 | E60: =E61+E64+E67 -> 300.1 | F60: =F61+F64+F67 -> 308.5 | G60: =G61+G64+G67 -> 316.9
A61: Исполнение судебных актов РФ и мировых соглашений по возмещению вреда, причиненного гражданину или юридическому лицу в результате незаконных действий (бездействия) органов местного самоуправления либо должностных лиц этих органов, а также деятельности государственных (муниципальных) учреждений | B61: 0113 | C61: 09200 00281 | E61: =E62 -> 100 | F61: =F62 -> 100 | G61: =G62 -> 100
A62: Иные бюджетные ассигнования | B62: 0113 | C62: 09200 00281 | D62: 800 | E62: =E63 -> 100 | F62: =F63 -> 100 | G62: =G63 -> 100
A63: Исполнение судебных актов | B63: 0113 | C63: 09200 00281 | D63: 830 | E63: ='Прилож 2 функц '!E59 -> 100 | F63: ='Прилож 2 функц '!F59 -> 100 | G63: ='Прилож 2 функц '!G59 -> 100
A64: Осуществление защиты прав потребителей | B64: 0113 | C64: 09207 00743 | E64: =E65 -> 190 | F64: =F65 -> 198 | G64: =G65 -> 206
A65: Закупка товаров, работ и услуг для обеспечения государственных (муниципальных) нужд | B65: 0113 | C65: 09207 00743 | D65: 200 | E65: =E66 -> 190 | F65: =F66 -> 198 | G65: =G66 -> 206
A66: Иные закупки товаров, работ и услуг для обеспечения государственных (муниципальных) нужд | B66: 0113 | C66: 09207 00743 | D66: 240 | E66: ='Прилож 2 функц '!E62 -> 190 | F66: ='Прилож 2 функц '!F62 -> 198 | G66: ='Прилож 2 функц '!G62 -> 206
A67: Расходы на исполнение государственного полномочия по составлению протоколов об административных правонарушениях за счет субвенций из бюджета Санкт-Петербурга | B67: 0113 | C67: 09200 G0100 | E67: =E68 -> 10.1 | F67: =F68 -> 10.5 | G67: =G68 -> 10.9
A68: Закупка товаров, работ и услуг для обеспечения государственных (муниципальных) нужд | B68: 0113 | C68: 09200 G0100 | D68: 200 | E68: =E69 -> 10.1 | F68: =F69 -> 10.5 | G68: =G69 -> 10.9
A69: Иные закупки товаров, работ и услуг для обеспечения государственных (муниципальных) нужд | B69: 0113 | C69: 09200 G0100 | D69: 240 | E69: ='Прилож 2 функц '!E65 -> 10.1 | F69: ='Прилож 2 функц '!F65 -> 10.5 | G69: ='Прилож 2 функц '!G65 -> 10.9
A70: НАЦИОНАЛЬНАЯ БЕЗОПАСНОСТЬ И ПРАВООХРАНИТЕЛЬНАЯ ДЕЯТЕЛЬНОСТЬ | B70: 0300 | E70: =E71 -> 163 | F70: =F71 -> 170 | G70: =G71 -> 179
A71: Защита населения и территории от чрезвычайных ситуаций природного и техногенного характера, пожарная безопасность | B71: 0310 | E71: =E72 -> 163 | F71: =F72 -> 170 | G71: =G72 -> 179
A72: Проведение подготовки и обучения неработающего населения способам защиты и действиям в чрезвычайных ситуациях, а также способам защиты от опасностей, возникающих при ведении военных действий или вследствие этих действий | B72: 0310 | C72: 21903 00091 | E72: =E73 -> 163 | F72: =F73 -> 170 | G72: =G73 -> 179
A73: Закупка товаров, работ и услуг для обеспечения государственных (муниципальных) нужд | B73: 0310 | C73: 21903 00091 | D73: 200 | E73: =E74 -> 163 | F73: =F74 -> 170 | G73: =G74 -> 179
A74: Иные закупки товаров, работ и услуг для обеспечения государственных (муниципальных) нужд | B74: 0310 | C74: 21903 00091 | D74: 240 | E74: ='Прилож 2 функц '!E70 -> 163 | F74: ='Прилож 2 функц '!F70 -> 170 | G74: ='Прилож 2 функц '!G70 -> 179
A75: НАЦИОНАЛЬНАЯ ЭКОНОМИКА | B75: 0400 | E75: =E76 -> 1237.4 | F75: =F76 -> 1294.5 | G75: =G76 -> 1347.3
A76: Общеэкономические вопросы | B76: 0401 | E76: =E78 -> 1237.4 | F76: =F78 -> 1294.5 | G76: =G78 -> 1347.3
A77: Выполнение функций муниципальным казенным учреждением "Автовский Центр благоустройства и социального развития" | B77: 0401 | E77: =E78 -> 1237.4 | F77: =F78 -> 1294.5 | G77: =G78 -> 1347.3
A78: Организация и финансирование временного трудоустройства несовершеннолетних в возрасте от 14 до 18 лет в свободное от учебы время | B78: 0401 | C78: 51002 00101 | E78: =E79+E81 -> 1237.4 | F78: =F79+F81 -> 1294.5 | G78: =G79+G81 -> 1347.3
A79: Расходы на выплаты персоналу в целях обеспечения выполнения функций государственными (муниципальными) органами, казенными учреждениями, органами управления государственными внебюджетными фондами | B79: 0401 | C79: 51002 00101 | D79: 100 | E79: =E80 -> 1054.2 | F79: =F80 -> 1102.9 | G79: =G80 -> 1147.9
A80: Расходы на выплаты персоналу казенных учреждений | B80: 0401 | C80: 51002 00101 | D80: 110 | E80: ='Прилож 2 функц '!E76 -> 1054.2 | F80: ='Прилож 2 функц '!F76 -> 1102.9 | G80: ='Прилож 2 функц '!G76 -> 1147.9
A81: Закупка товаров, работ и услуг для обеспечения государственных (муниципальных) нужд | B81: 0401 | C81: 51002 00101 | D81: 200 | E81: =E82 -> 183.2 | F81: =F82 -> 191.6 | G81: =G82 -> 199.4
A82: Иные закупки товаров, работ и услуг для обеспечения государственных (муниципальных) нужд | B82: 0401 | C82: 51002 00101 | D82: 240 | E82: ='Прилож 2 функц '!E78 -> 183.2 | F82: ='Прилож 2 функц '!F78 -> 191.6 | G82: ='Прилож 2 функц '!G78 -> 199.4
A83: ЖИЛИЩНО-КОММУНАЛЬНОЕ ХОЗЯЙСТВО | B83: 0500 | E83: =E84 -> 52627.4 | F83: =F84 -> 32127.5 | G83: =G84 -> 17875.1
A84: Благоустройство | B84: 0503 | E84: =E85+E92 -> 52627.4 | F84: =F85+F92 -> 32127.5 | G84: =G85+G92 -> 17875.1
A85: Содержание и обеспечение деятельности муниципального (казенного) учреждения, осуществляющего руководство и управление в сфере жилищно-коммунального хозяйства | B85: 0503 | C85: 00299 01461 | E85: =E86+E88+E90 -> 12959.9 | F85: =F86+F88+F90 -> 13143.2 | G85: =G86+G88+G90 -> 13679.2
A86: Расходы на выплаты персоналу в целях обеспечения выполнения функций государственными (муниципальными) органами, казенными учреждениями, органами управления государственными внебюджетными фондами | B86: 0503 | C86: 00299 01461 | D86: 100 | E86: =E87 -> 10998.8 | F86: =F87 -> 12196 | G86: =G87 -> 12693.6
A87: Расходы на выплаты персоналу казенных учреждений | B87: 0503 | C87: 00299 01461 | D87: 110 | E87: ='Прилож 2 функц '!E83 -> 10998.8 | F87: ='Прилож 2 функц '!F83 -> 12196 | G87: ='Прилож 2 функц '!G83 -> 12693.6
A88: Закупка товаров, работ и услуг для обеспечения государственных (муниципальных) нужд | B88: 0503 | C88: 00299 01461 | D88: 200 | E88: =E89 -> 1961.1 | F88: =F89 -> 947.2 | G88: =G89 -> 985.6
A89: Иные закупки товаров, работ и услуг для обеспечения государственных (муниципальных) нужд | B89: 0503 | C89: 00299 01461 | D89: 240 | E89: ='Прилож 2 функц '!E85 -> 1961.1 | F89: ='Прилож 2 функц '!F85 -> 947.2 | G89: ='Прилож 2 функц '!G85 -> 985.6
A90: Иные бюджетные ассигнования | B90: 0503 | C90: 00299 01461 | D90: 800 | E90: =E91 -> 0 | F90: =F91 -> 0 | G90: =G91 -> 0
A91: Уплата налогов, сборов и иных платежей | B91: 0503 | C91: 00299 01461 | D91: 850 | E91: ='Прилож 2 функц '!E87 -> 0 | F91: ='Прилож 2 функц '!F87 -> 0 | G91: ='Прилож 2 функц '!G87 -> 0
A92: Выполнение функций муниципальным казенным учреждением "Автовский Центр благоустройства и социального развития" | B92: 0503 | E92: =E93+E96+E99 -> 39667.5 | F92: =F93+F96+F99 -> 18984.3 | G92: =G93+G96+G99 -> 4195.9
A93: Организация благоустройства территории муниципального образования | B93: 0503 | C93: 60001 01131 | E93: =E94 -> 25741 | F93: =F94 -> 6670.6 | G93: =G94 -> 2684.5
A94: Закупка товаров, работ и услуг для государственных (муниципальных) нужд | B94: 0503 | C94: 60001 01131 | D94: 200 | E94: =E95 -> 25741 | F94: =F95 -> 6670.6 | G94: =G95 -> 2684.5
A95: Иные закупки товаров, работ и услуг для обеспечения государственных (муниципальных) нужд | B95: 0503 | C95: 60001 01131 | D95: 240 | E95: ='Прилож 2 функц '!E91 -> 25741 | F95: ='Прилож 2 функц '!F91 -> 6670.6 | G95: ='Прилож 2 функц '!G91 -> 2684.5
A96: Осуществление работ в сфере озеленения на территории муниципального образования | B96: 0503 | C96: 60003 01151 | E96: =E97 -> 13821.5 | F96: =F97 -> 12204.7 | G96: =G97 -> 1398.4
A97: Закупка товаров, работ и услуг для обеспечения государственных (муниципальных) нужд | B97: 0503 | C97: 60003 01151 | D97: 200 | E97: =E98 -> 13821.5 | F97: =F98 -> 12204.7 | G97: =G98 -> 1398.4
A98: Иные закупки товаров, работ и услуг для обеспечения государственных (муниципальных) нужд | B98: 0503 | C98: 60003 01151 | D98: 240 | E98: ='Прилож 2 функц '!E100 -> 13821.5 | F98: ='Прилож 2 функц '!F100 -> 12204.7 | G98: ='Прилож 2 функц '!G100 -> 1398.4
A99: Выполнение функций муниципальным казенным учреждением "Автовский Центр благоустройства и социального развития" | B99: 0503 | C99: 79501 00491 | E99: =E100 -> 105 | F99: =F100 -> 109 | G99: =G100 -> 113
A100: Участие в реализации мер по профилактике дорожно-транспортного травматизма на территории муниципального образования, включая размещение, содержание и ремонт искусственных неровностей на внутриквартальных проездах | B100: 0503 | C100: 79501 00491 | E100: =E101 -> 105 | F100: =F101 -> 109 | G100: =G101 -> 113
A101: Закупка товаров, работ и услуг для обеспечения государственных (муниципальных) нужд | B101: 0503 | C101: 79501 00491 | D101: 200 | E101: =E102 -> 105 | F101: =F102 -> 109 | G101: =G102 -> 113
A102: Иные закупки товаров, работ и услуг для обеспечения государственных (муниципальных) нужд | B102: 0503 | C102: 79501 00491 | D102: 240 | E102: ='Прилож 2 функц '!E103 -> 105 | F102: ='Прилож 2 функц '!F103 -> 109 | G102: ='Прилож 2 функц '!G103 -> 113
A103: ОБРАЗОВАНИЕ | B103: 0700 | E103: =E104+E108 -> 2156 | F103: =F104+F108 -> 1303.2 | G103: =G104+G108 -> 1358.3
A104: Профессиональная подготовка, переподготовка и повышение квалификации | B104: 0705 | E104: =E105 -> 109 | F104: =F105 -> 113.5 | G104: =G105 -> 118.2
A105: Расходы на организацию профессионального образования и дополнительного профессионального образования выборных должностных лиц местного самоуправления, членов выборных органов местного самоуправления, депутатов муниципальных советов муниципальных образований, муниципальных служащих и работников муниципальных учреждений, организация подготовки кадров для муниципальной службы в порядке, предусмотренном законодательством Российской Федерации об образовании и законодательством Российской Федерации о муниципальной службе | B105: 0705 | C105: 00205 00181 | E105: =E106 -> 109 | F105: =F106 -> 113.5 | G105: =G106 -> 118.2
A106: Закупка товаров, работ и услуг для обеспечения государственных (муниципальных) нужд | B106: 0705 | C106: 00205 00181 | D106: 200 | E106: =E107 -> 109 | F106: =F107 -> 113.5 | G106: =G107 -> 118.2
...

Sheet Прил.№4 по разд подр. 
A1: Приложение 4 к решению муниципального совета МО Автово от ______ 2026 года №_____
A2: ='Прилож №3 ведомств.'!A8:G8 -> "О бюджете внутригородского муниципального образования города федерального значения Санкт-Петербурга муниципальный округ Автово на 2026 год и на плановый период 2027-2028 годов"
A4: Глава МО Автово__________________И.В.Шмаков
A7: Распределение бюджетных ассигнований бюджета внутригородского муниципального образования города федерального значения Санкт-Петербурга муниципальный округ Автово по разделам и подразделам классификации расходов бюджета на 2026 год и на плановый период 2027-2028 годов
A10: Наименование | B10: Код раздела | C10: Код подраздела | D10: Сумма (тыс. руб) 2026 г | E10: Плановый период
E11: 2027 | F11: 2028
A12: ОБЩЕГОСУДАРСТВЕННЫЕ ВОПРОСЫ | B12: 01 | C12: 00 | D12: =D13+D14+D15+D16+D17+D39 -> 59517.4 | E12: =E13+E14+E15+E16+E17 -> 43895.1 | F12: =F13+F14+F15+F16+F17 -> 45970 | K12: =D13+D14+D15+D16+D17+D19+D21+D23++D25+D26+D28+D29+D31+D32+D33+D35+D37+D38 -> 153458.8
A13: Функционирование высшего должностного лица субъекта Российской Федерации и муниципального образования | B13: 01 | C13: 02 | D13: ='Прилож 2 функц '!E15 -> 3911.5 | E13: ='Прилож 2 функц '!F15 -> 3437.8 | F13: ='Прилож 2 функц '!G15 -> 3578.1 | K13: =D12+D18+D20+D22+D24+D27+D30+D36+D34 -> 168876.2
A14: Функционирование законодательных (представительных) органов государственной власти и представительных органов муниципальных образований | B14: 01 | C14: 03 | D14: ='Прилож №3 ведомств.'!E20 -> 9134 | E14: ='Прилож №3 ведомств.'!F20 -> 8714 | F14: ='Прилож №3 ведомств.'!G20 -> 9373.4
A15: Функционирование Правительства Российской Федерации, высших исполнительных органов субъектов Российской Федерации, местных администраций | B15: 01 | C15: 04 | D15: ='Прилож 2 функц '!E30 -> 30496.4 | E15: ='Прилож 2 функц '!F30 -> 31176.8 | F15: ='Прилож 2 функц '!G30 -> 32443.6
A16: Резервные фонды | B16: 01 | C16: 11 | D16: ='Прилож 2 функц '!E46 -> 30 | E16: ='Прилож 2 функц '!F46 -> 30 | F16: ='Прилож 2 функц '!G46 -> 30
A17: Другие общегосударственные вопросы | B17: 01 | C17: 13 | D17: ='Прилож 2 функц '!E50 -> 528.1 | E17: ='Прилож 2 функц '!F50 -> 536.5 | F17: ='Прилож 2 функц '!G50 -> 544.9
A18: НАЦИОНАЛЬНАЯ БЕЗОПАСНОСТЬ И ПРАВООХРАНИТЕЛЬНАЯ ДЕЯТЕЛЬНОСТЬ | B18: 03 | C18: 00 | D18: =D19 -> 163 | E18: =E19 -> 170 | F18: =F19 -> 179
A19: Защита населения и территории от чрезвычайных ситуаций природного и техногенного характера, пожарная безопасность | B19: 03 | C19: 10 | D19: ='Прилож 2 функц '!E67 -> 163 | E19: ='Прилож 2 функц '!F67 -> 170 | F19: ='Прилож 2 функц '!G67 -> 179
A20: НАЦИОНАЛЬНАЯ ЭКОНОМИКА | B20: 04 | C20: 00 | D20: =D21 -> 1237.4 | E20: =E21 -> 1294.5 | F20: =F21 -> 1347.3
A21: Общеэкономические вопросы | B21: 04 | C21: 01 | D21: ='Прилож 2 функц '!E72 -> 1237.4 | E21: ='Прилож 2 функц '!F72 -> 1294.5 | F21: ='Прилож 2 функц '!G72 -> 1347.3
A22: ЖИЛИЩНО-КОММУНАЛЬНОЕ ХОЗЯЙСТВО | B22: 05 | C22: 00 | D22: =D23 -> 52627.4 | E22: =E23 -> 32127.5 | F22: =F23 -> 17875.1
A23: Благоустройство | B23: 05 | C23: 03 | D23: ='Прилож 2 функц '!E80 -> 52627.4 | E23: ='Прилож 2 функц '!F80 -> 32127.5 | F23: ='Прилож 2 функц '!G80 -> 17875.1
A24: ОБРАЗОВАНИЕ | B24: 07 | C24: 00 | D24: =D25+D26 -> 2156 | E24: =E25+E26 -> 1303.2 | F24: =F25+F26 -> 1358.3
A25: Профессиональная подготовка, переподготовка и повышение квалификации | B25: 07 | C25: 05 | D25: ='Прилож 2 функц '!E108 -> 109 | E25: ='Прилож 2 функц '!F108 -> 113.5 | F25: ='Прилож 2 функц '!G108 -> 118.2
A26: Другие вопросы в области образования | B26: 07 | C26: 09 | D26: ='Прилож 2 функц '!E109 -> 2047 | E26: ='Прилож 2 функц '!F109 -> 1189.7 | F26: ='Прилож 2 функц '!G109 -> 1240.1
A27: КУЛЬТУРА, КИНЕМАТОГРАФИЯ | B27: 08 | C27: 00 | D27: =D28+D29 -> 9030.4 | E27: =E28+E29 -> 6154.4 | F27: =F28+F29 -> 4802.2
A28: КУЛЬТУРА | B28: 08 | C28: 01 | D28: ='Прилож 2 функц '!E134 -> 4776 | E28: ='Прилож 2 функц '!F134 -> 4373 | F28: ='Прилож 2 функц '!G134 -> 3591
A29: Другие вопросы в области культуры, кинематографии | B29: 08 | C29: 04 | D29: ='Прилож 2 функц '!E139 -> 4254.4 | E29: ='Прилож 2 функц '!F139 -> 1781.4 | F29: ='Прилож 2 функц '!G139 -> 1211.2
A30: СОЦИАЛЬНАЯ ПОЛИТИКА | B30: 10 | C30: 00 | D30: =D31+D32+D33 -> 19448.4 | E30: =E31+E32+E33 -> 20257.1 | F30: =F31+F32+F33 -> 21083.5
A31: Пенсионное обеспечение | B31: 10 | C31: 01 | D31: ='Прилож 2 функц '!E145 -> 1291.1 | E31: ='Прилож 2 функц '!F145 -> 1344.6 | F31: ='Прилож 2 функц '!G145 -> 1399.5
A32: Социальное обеспечение населения | B32: 10 | C32: 03 | D32: ='Прилож 2 функц '!E149 -> 3881.5 | E32: ='Прилож 2 функц '!F149 -> 4042.6 | F32: ='Прилож 2 функц '!G149 -> 4207.5
A33: Охрана семьи и детства | B33: 10 | C33: 04 | D33: ='Прилож 2 функц '!E153 -> 14275.8 | E33: ='Прилож 2 функц '!F153 -> 14869.9 | F33: ='Прилож 2 функц '!G153 -> 15476.5
A34: ФИЗИЧЕСКАЯ КУЛЬТУРА И СПОРТ | B34: 11 | C34: 00 | D34: =D35 -> 13689.9 | E34: =E35 -> 14950.6 | F34: =F35 -> 15591.8
A35: Физическая культура | B35: 11 | C35: 01 | D35: ='Прилож 2 функц '!E161 -> 13689.9 | E35: ='Прилож 2 функц '!F161 -> 14950.6 | F35: ='Прилож 2 функц '!G161 -> 15591.8
A36: СРЕДСТВА МАССОВОЙ ИНФОРМАЦИИ | B36: 12 | C36: 00 | D36: =D37+D38 -> 11006.3 | E36: =E37+E38 -> 11315.5 | F36: =F37+F38 -> 11727.8
A37: ПЕРИОДИЧЕСКАЯ ПЕЧАТЬ И ИЗДАТЕЛЬСТВА | B37: 12 | C37: 02 | D37: ='Прилож 2 функц '!E174 -> 3877.8 | E37: ='Прилож 2 функц '!F174 -> 3989 | F37: ='Прилож 2 функц '!G174 -> 4102.6
A38: Другие вопросы в области средств массовой информации | B38: 12 | C38: 04 | D38: ='Прилож 2 функц '!E178 -> 7128.5 | E38: ='Прилож 2 функц '!F178 -> 7326.5 | F38: ='Прилож 2 функц '!G178 -> 7625.2
A39: ='Прилож №3 ведомств.'!A187 -> Обеспечение проведения выборов и референдумов | B39: 01 | C39: 07 | D39: ='Прилож №3 ведомств.'!E187 -> 15417.4 | E39: 0 | F39: 0
A40: Всего | D40: =D12+D18+D20+D22+D24+D27+D30+D34+D36 -> 168876.2 | E40: =E12+E18+E20+E22+E24+E27+E30+E34+E36 -> 131467.9 | F40: =F12+F18+F20+F22+F24+F27+F30+F34+F36 -> 119935 | G40: ='Прилож 2 функц '!F191 -> 131467.9 | H40: ='Прилож 2 функц '!G191 -> 119935
A41: Условно утвержденные расход | D41: 0 | E41: ='Прилож №3 ведомств.'!F192 -> 3452.9 | F41: ='Прилож №3 ведомств.'!G192 -> 6338.5
A42: Всего расходов включая условно утвержденные | D42: =D40+D41 -> 168876.2 | E42: =E40+E41 -> 134920.8 | F42: =F40+F41 -> 126273.5
D43: ='Прилож 2 функц '!E194 -> 153076.2 | E43: ='Прилож 2 функц '!F194 -> 134920.8 | F43: ='Прилож 2 функц '!G194 -> 126273.5
D44: ='Прилож.1 ДОХОДОВ 2026'!D49 -> 153076.2 | E44: ='Прилож.1 ДОХОДОВ 2026'!E49 -> 134920.8 | F44: ='Прилож.1 ДОХОДОВ 2026'!F49 -> 126273.5
D45: =D42-D44 -> 15800 | E45: =E42-E44 -> 0 | F45: =F42-F44 -> 0

Sheet Прилож.5 Источники
A1: Приложение 5 к решению муниципального совета МО Автово от 2026 года № "О бюджете внутригородского муниципального образования города федерального значения Санкт-Петербурга муниципальный округ Автово на 2026 год и на плановый период 2027-2028 годов"
A2: Глава МО Автово_________________________И.В.Шмаков
A4: ИСТОЧНИКИ ФИНАНСИРОВАНИЯ ДЕФИЦИТА БЮДЖЕТА ВНУТРИГОРОДСКОГО МУНИЦИПАЛЬНОГО ОБРАЗОВАНИЯ ГОРОДА ФЕДЕРАЛЬНОГО ЗНАЧЕНИЯ САНКТ-ПЕТЕРБУРГА МУНИЦИПАЛЬНЫЙ ОКРУГ АВТОВО на 2026 год и на плановый период 2027-2028 годов
A6: Наименование | B6: Код | C6: Сумма (тысяч рублей)2026 | D6: 2027 | E6: 2028
A7: Источники внутреннего финансирования дефицитов бюджетов | B7: 00001000000000000 000 | C7: =C8 -> 15800 | D7: =D8 -> 0 | E7: =E8 -> 0
A8: Изменение остатков средств на счетах по учету средств бюджетов | B8: 00001050000000000000 | C8: =C9+C13 -> 15800 | D8: =D9+D13 -> 0 | E8: =E9+E13 -> 0
A9: Увеличение остатков средств бюджетов | B9: 00001050000000000500 | C9: =C10 -> -153076.2 | D9: =D10 -> -134920.8 | E9: =E10 -> -126273.5
A10: Увеличение прочих остатков средств бюджетов | B10: 00001050200000000500 | C10: =C11 -> -153076.2 | D10: =D11 -> -134920.8 | E10: =E11 -> -126273.5
A11: Увеличение прочих остатков денежных средств бюджетов | B11: 00001050201000000510 | C11: =C12 -> -153076.2 | D11: =D12 -> -134920.8 | E11: =E12 -> -126273.5
A12: Увеличение прочих остатков денежных средств бюджетов внутригородских муниципальных образований городов федерального значения | B12: 92801050201030000510 | C12: =-'Прилож.1 ДОХОДОВ 2026'!D49 -> -153076.2 | D12: =-'Прилож.1 ДОХОДОВ 2026'!E49 -> -134920.8 | E12: =-'Прилож.1 ДОХОДОВ 2026'!F49 -> -126273.5
A13: Уменьшение остатков средств бюджетов | B13: 00001050000000000600 | C13: =C14 -> 168876.2 | D13: =D14 -> 134920.8 | E13: =E14 -> 126273.5
A14: Уменьшение прочих остатков средств бюджетов | B14: 00001050200000000600 | C14: =C15 -> 168876.2 | D14: =D15 -> 134920.8 | E14: =E15 -> 126273.5
A15: Уменьшение прочих остатков денежных средств бюджетов | B15: 00001050201000000610 | C15: =C16 -> 168876.2 | D15: =D16 -> 134920.8 | E15: =E16 -> 126273.5
A16: Уменьшение прочих остатков денежных средств бюджетов внутригородских муниципальных образований городов федерального значения | B16: 92801050201030000610 | C16: ='Прилож 2 функц '!E193 -> 168876.2 | D16: ='Прилож 2 функц '!F193 -> 134920.8 | E16: ='Прилож 2 функц '!G193 -> 126273.5
A17: Итого источников финансирования дефицита бюджета | C17: =C7 -> 15800 | D17: =D7 -> 0 | E17: =E7 -> 0

Sheet СВОД.БР2026_27012026
A1: Приложение к постановлению местной администрации МО МО Автово от 05 декабря 2025года года № 65-п
A2: Глава местной администрации МО МО Автово ____________ А.В.Кесаев
A4: СВОДНАЯ БЮДЖЕТНАЯ РОСПИСЬ МУНИЦИПАЛЬНОГО ОБРАЗОВАНИЯ МУНИЦИПАЛЬНЫЙ ОКРУГ АВТОВО НА 2026 ГОД И ПЛАНОВЫЙ ПЕРИОД 2027-2028 Г
A6: Главные распорядители средств местного бюджета МО МО Автово : муниципальный совет МО Автово (код 964), местная администрация МО МО Автово (код 928), ТИК № 41 (код 941)
A8: Наименование | B8: Код раздела, подраздела | C8: Код целевой статьи | D8: Код вида расходов (группа, подгруппа, элемент) | E8: Сумма (тыс.руб.)2026 г | F8: плановый период
F9: 2027 | G9: 2028
A10: Муниципальный совет внутригородского муниципального образования города федерального значения Санкт-Петербурга муниципальный округ Автово (код главного распорядителя бюджетных средств 964) | E10: =E11 -> 13408.5 | F10: =F11 -> 12379.8 | G10: =G11 -> 13179.5
A11: Общегосударственные вопросы | B11: 0100 | E11: =E12+E18+E37 -> 13408.5 | F11: =F12+F18+F37 -> 12379.8 | G11: =G12+G18+G37 -> 13179.5
A12: Функционирование высшего должностного лица субъекта Российской Федерации и муниципального образования | B12: 0102 | E12: =E13 -> 3911.5 | F12: =F13 -> 3437.8 | G12: =G13 -> 3578.1
A13: Глава муниципального образования | B13: 0102 | C13: 00201 00011 | E13: =E14 -> 3911.5 | F13: =F14 -> 3437.8 | G13: =G14 -> 3578.1
A14: Расходы на выплаты персоналу в целях обеспечения выполнения функций государственными (муниципальными) органами, казенными учреждениями, органами управления государственными внебюджетными фондами | B14: 0102 | C14: 00201 00011 | D14: 100 | E14: =E15 -> 3911.5 | F14: =F15 -> 3437.8 | G14: =G15 -> 3578.1 | L14: бюджет, | M14: план КФ
A15: Расходы на выплаты персоналу государственных (муниципальных) органов | B15: 0102 | C15: 00201 00011 | D15: 120 | E15: =E16+E17 -> 3911.5 | F15: =F16+F17 -> 3437.8 | G15: =G16+G17 -> 3578.1 | K15: з/п+ налоги | L15: =(E15+E25+E51+E64) -> 33057.8 | M15: 36304.9 | N15: =M15-L15 -> 3247.1
A16: Фонд оплаты труда государственных (муниципальных) органов | B16: 0102 | C16: 00201 00011 | D16: 121 | E16: ='[4]БР_МС 2026'!F18 -> 3004.2 | F16: ='[4]БР_МС 2026'!G16 -> 2640.4 | G16: ='[4]БР_МС 2026'!H16 -> 2748.1 | H16: ='[4]БР_МС 2026'!F17 -> 3004.2 | I16: ='[4]БР_МС 2026'!G17 -> 2640.4 | J16: ='[4]БР_МС 2026'!H17 -> 2748.1 | K16: прочие | L16: =(E28+E32+E20+E54+E57) -> 5738.1 | M16: 7088 | N16: =M16-L16 -> 1349.9
A17: Взносы по обязательному социальному страхованию на выплаты денежного содержания и иные выплаты работникам государственных (муниципальных) органов | B17: 0102 | C17: 00201 00011 | D17: 129 | E17: ='[4]БР_МС 2026'!F23 -> 907.3 | F17: ='[4]БР_МС 2026'!G21 -> 797.4 | G17: ='[4]БР_МС 2026'!H21 -> 830 | H17: ='[4]БР_МС 2026'!F22 -> 907.3 | I17: ='[4]БР_МС 2026'!G22 -> 797.4 | J17: ='[4]БР_МС 2026'!H22 -> 830 | M17: =M15+M16 -> 43392.9
A18: Функционирование законодательных (представительных) органов государственной власти и представительных органов муниципальных образований | B18: 0103 | E18: =E19+E23 -> 9269 | F18: =F19+F23 -> 8714 | G18: =G19+G23 -> 9373.4
A19: Компенсация депутатам, осуществляющим свои полномочия на непостоянной основе | B19: 0103 | C19: 00203 00022 | E19: =E20 -> 397.7 | F19: =F20 -> 414.2 | G19: =G20 -> 431.1
A20: Расходы на выплаты персоналу в целях обеспечения выполнения функций государственными (муниципальными) органами, казенными учреждениями, органами управления государственными внебюджетными фондами | B20: 0103 | C20: 00203 00022 | D20: 100 | E20: =E21 -> 397.7 | F20: =F21 -> 414.2 | G20: =G21 -> 431.1
A21: Расходы на выплаты персоналу государственных (муниципальных) органов | B21: 0103 | C21: 00203 00022 | D21: 120 | E21: =E22 -> 397.7 | F21: =F22 -> 414.2 | G21: =G22 -> 431.1
A22: Иные выплаты государственных (муниципальных) органов привлекаемым лицам | B22: 0103 | C22: 00203 00022 | D22: 123 | E22: ='[4]БР_МС 2026'!F28 -> 397.7 | F22: ='[4]БР_МС 2026'!G28 -> 414.2 | G22: ='[4]БР_МС 2026'!H28 -> 431.1 | H22: ='[4]БР_МС 2026'!F27 -> 397.7 | I22: ='[4]БР_МС 2026'!G27 -> 414.2 | J22: ='[4]БР_МС 2026'!H27 -> 431.1
A23: Аппарат представительного органа муниципального образования | B23: 0103 | C23: 00204 00021 | E23: =E24+E28+E32 -> 8871.3 | F23: =F24+F28+F32 -> 8299.8 | G23: =G24+G28+G32 -> 8942.3
A24: Расходы на выплаты персоналу в целях обеспечения выполнения функций государственными (муниципальными) органами, казенными учреждениями, органами управления государственными внебюджетными фондами | B24: 0103 | C24: 00204 00021 | D24: 100 | E24: =E25 -> 5094.1 | F24: =F25 -> 4752.2 | G24: =G25 -> 4946
A25: Расходы на выплаты персоналу государственных (муниципальных) органов | B25: 0103 | C25: 00204 00021 | D25: 120 | E25: =E26+E27 -> 5094.1 | F25: =F26+F27 -> 4752.2 | G25: =G26+G27 -> 4946
A26: Фонд оплаты труда государственных (муниципальных) органов | B26: 0103 | C26: 00204 00021 | D26: 121 | E26: ='[4]БР_МС 2026'!F34 -> 3912.5 | F26: ='[4]БР_МС 2026'!G35 -> 3649.9 | G26: ='[4]БР_МС 2026'!H35 -> 3798.8 | H26: ='[4]БР_МС 2026'!F35 -> 3912.5 | I26: ='[4]БР_МС 2026'!G35 -> 3649.9 | J26: ='[4]БР_МС 2026'!H35 -> 3798.8
A27: Взносы по обязательному социальному страхованию на выплаты денежного содержания и иные выплаты работникам государственных (муниципальных) органов | B27: 0103 | C27: 00204 00021 | D27: 129 | E27: ='[4]БР_МС 2026'!F39 -> 1181.6 | F27: ='[4]БР_МС 2026'!G40 -> 1102.3 | G27: ='[4]БР_МС 2026'!H40 -> 1147.2 | H27: ='[4]БР_МС 2026'!F40 -> 1181.6 | I27: ='[4]БР_МС 2026'!G40 -> 1102.3 | J27: ='[4]БР_МС 2026'!H40 -> 1147.2
A28: Закупка товаров, работ и услуг для обеспечения государственных (муниципальных) нужд | B28: 0103 | C28: 00204 00021 | D28: 200 | E28: =E29 -> 3768.1 | F28: =F29 -> 3538.5 | G28: =G29 -> 3987.2
A29: Иные закупки товаров, работ и услуг для обеспечения государственных (муниципальных) нужд | B29: 0103 | C29: 00204 00021 | D29: 240 | E29: =E30+E31 -> 3768.1 | F29: =F30+F31 -> 3538.5 | G29: =G30+G31 -> 3987.2
A30: Прочая закупка товаров, работ и услуг | B30: 0103 | C30: 00204 00021 | D30: 244 | E30: ='[4]БР_МС 2026'!F44 -> 3611.5 | F30: 3375.4 | G30: 3817.5 | H30: ='[4]БР_МС 2026'!F44 -> 3611.5 | I30: ='[4]БР_МС 2026'!G44 -> 3375.4 | J30: ='[4]БР_МС 2026'!H44 -> 3817.5
A31: Закупка энергетических ресурсов | B31: 0103 | C31: 00204 00021 | D31: 247 | E31: ='[4]БР_МС 2026'!F59 -> 156.6 | F31: ='[4]БР_МС 2026'!G59 -> 163.1 | G31: ='[4]БР_МС 2026'!H59 -> 169.7 | H31: ='[4]БР_МС 2026'!F59 -> 156.6 | I31: ='[4]БР_МС 2026'!G59 -> 163.1 | J31: ='[4]БР_МС 2026'!H59 -> 169.7
A32: Иные бюджетные ассигнования | B32: 0103 | C32: 00204 00021 | D32: 800 | E32: =E33 -> 9.1 | F32: =F33 -> 9.1 | G32: =G33 -> 9.1 | H32: ='[4]БР_МС 2026'!F61 -> 9.1 | I32: ='[4]БР_МС 2026'!G61 -> 9.1 | J32: ='[4]БР_МС 2026'!H61 -> 9.1
A33: Уплата налогов, сборов и иных платежей | B33: 0103 | C33: 00204 00021 | D33: 850 | E33: =E34+E35+E36 -> 9.1 | F33: =F34+F35+F36 -> 9.1 | G33: =G34+G35+G36 -> 9.1
A34: Уплата налога на имущество организаций и земельного налога | B34: 0103 | C34: 00204 00021 | D34: 851 | E34: ='[4]БР_МС 2026'!F63 -> 0 | F34: ='[4]БР_МС 2026'!G63 -> 0 | G34: ='[4]БР_МС 2026'!H63 -> 0
A35: Уплата прочих налогов, сборов | B35: 0103 | C35: 00204 00021 | D35: 852 | E35: ='[4]БР_МС 2026'!F66 -> 8.1 | F35: ='[4]БР_МС 2026'!G67 -> 8.1 | G35: ='[4]БР_МС 2026'!H67 -> 8.1
A36: Уплата иных платежей | B36: 0103 | C36: 00204 00021 | D36: 853 | E36: ='[4]БР_МС 2026'!F69 -> 1 | F36: ='[4]БР_МС 2026'!G69 -> 1 | G36: ='[4]БР_МС 2026'!H69 -> 1
A37: ДРУГИЕ ОБЩЕГОСУДАРСТВЕННЫЕ ВОПРОСЫ | B37: 0113 | E37: =E38+E42 -> 228 | F37: =F38 -> 228 | G37: =G38 -> 228
A38: Уплата членских взносов на осуществление деятельности Совета муниципальных образований Санкт-Петербурга и содержание его органов | B38: 0113 | C38: 09205 00441 | E38: =E39 -> 228 | F38: =F39 -> 228 | G38: =G39 -> 228
A39: Иные бюджетные ассигнования | B39: 0113 | C39: 09205 00441 | D39: 800 | E39: =E40 -> 228 | F39: =F40 -> 228 | G39: =G40 -> 228
A40: Уплата прочих налогов, сборов и иных платежей | B40: 0113 | C40: 09205 00441 | D40: 850 | E40: =E41 -> 228 | F40: =F41 -> 228 | G40: =G41 -> 228
A41: Уплата иных платежей | B41: 0113 | C41: 09205 00441 | D41: 853 | E41: ='[4]БР_МС 2026'!F79 -> 228 | F41: ='[4]БР_МС 2026'!G77 -> 228 | G41: ='[4]БР_МС 2026'!H77 -> 228
A42: Уплата добровольного целевого взноса членов Совета муниципальных образований Санкт-Петербурга на организацию празднования 20-летия Совета муниципальных образований Санкт-Петербура | B42: 0113 | C42: 09208 00442 | E42: =E43 -> 0 | F42: =F43 -> 0 | G42: =G43 -> 0
A43: Иные бюджетные ассигнования | B43: 0113 | C43: 09208 00442 | D43: 800 | E43: =E44 -> 0 | F43: =F44 -> 0 | G43: =G44 -> 0
A44: Уплата прочих налогов, сборов и иных платежей | B44: 0113 | C44: 09208 00442 | D44: 850 | E44: =E45 -> 0 | F44: =F45 -> 0 | G44: =G45 -> 0
A45: Уплата иных платежей | B45: 0113 | C45: 09208 00442 | D45: 853 | E45: ='[4]БР_МС 2026'!F83 -> 0 | F45: ='[4]БР_МС 2026'!G83 -> 0 | G45: ='[4]БР_МС 2026'!H83 -> 0
A46: Местная администрация внутригородского муниципального образования города федерального значения Санкт-Петербурга муниципальный округ Автово (код главного распорядителя бюджетных средств 928) | E46: =E47+E92+E98+E109+E137+E173+E186+E206+E226 -> 139934 | F46: =F47+F92+F98+F109+F137+F173+F186+F206+F226 -> 119088.1 | G46: =G47+G92+G98+G109+G137+G173+G186+G206+G226 -> 106755.5
A47: ОБЩЕГОСУДАРСТВЕННЫЕ ВОПРОСЫ | B47: 0100 | E47: =E48+E75+E79 -> 30691.5 | F47: =F48+F75+F79 -> 31515.3 | G47: =G48+G75+G79 -> 32790.5
A48: Функционирование Правительства Российской Федерации, высших исполнительных органов субъектов Российской Федерации, местных администраций | B48: 0104 | E48: =E49+E63+E67 -> 30361.4 | F48: =F49+F63+F67 -> 31176.8 | G48: =G49+G63+G67 -> 32443.6
A49: Содержание и обеспечение деятельности местной администрации (исполнительно-распорядительного органа) муниципального образования | B49: 0104 | C49: 00203 00032 | E49: =E50+E54+E57 -> 23576.9 | F49: =F50+F54+F57 -> 24110.5 | G49: =G50+G54+G57 -> 25088
A50: Расходы на выплаты персоналу в целях обеспечения выполнения функций государственными (муниципальными) органами, казенными учреждениями, органами управления государственными внебюджетными фондами | B50: 0104 | C50: 00203 00032 | D50: 100 | E50: =E51 -> 22013.7 | F50: =F51 -> 22547.6 | G50: =G51 -> 23467.5 | H50: =H52+H53 -> 22013.7 | I50: =I52+I53 -> 22547.6 | J50: =J52+J53 -> 23467.5
A51: Расходы на выплаты персоналу государственных (муниципальных) органов | B51: 0104 | C51: 00203 00032 | D51: 120 | E51: =E52+E53 -> 22013.7 | F51: =F52+F53 -> 22547.6 | G51: =G52+G53 -> 23467.5
A52: Фонд оплаты труда государственных (муниципальных) органов | B52: 0104 | C52: 00203 00032 | D52: 121 | E52: ='[4]БР _МА 2026_27012026'!F18 -> 16907.6 | F52: ='[4]БР _МА 2026_27012026'!G16 -> 17317.6 | G52: ='[4]БР _МА 2026_27012026'!H17 -> 18024.2 | H52: ='[4]БР _МА 2026_27012026'!F16 -> 16907.6 | I52: ='[4]БР _МА 2026_27012026'!G16 -> 17317.6 | J52: ='[4]БР _МА 2026_27012026'!H16 -> 18024.2
A53: Взносы по обязательному социальному страхованию на выплаты денежного содержания и иные выплаты работникам государственных (муниципальных) органов | B53: 0104 | C53: 00203 00032 | D53: 129 | E53: ='[4]БР _МА 2026_27012026'!F23 -> 5106.1 | F53: ='[4]БР _МА 2026_27012026'!G22 -> 5230 | G53: ='[4]БР _МА 2026_27012026'!H22 -> 5443.3 | H53: ='[4]БР _МА 2026_27012026'!F23 -> 5106.1 | I53: ='[4]БР _МА 2026_27012026'!G23 -> 5230 | J53: ='[4]БР _МА 2026_27012026'!H23 -> 5443.3
A54: Закупка товаров, работ и услуг для обеспечения государственных (муниципальных) нужд | B54: 0104 | C54: 00203 00032 | D54: 200 | E54: =E55 -> 1560.2 | F54: =F55 -> 1559.9 | G54: =G55 -> 1617.5
A55: Иные закупки товаров, работ и услуг для обеспечения государственных (муниципальных) нужд | B55: 0104 | C55: 00203 00032 | D55: 240 | E55: =E56 -> 1560.2 | F55: =F56 -> 1559.9 | G55: =G56 -> 1617.5
A56: Прочая закупка товаров, работ и услуг | B56: 0104 | C56: 00203 00032 | D56: 244 | E56: 1560.2 | F56: 1559.9 | G56: 1617.5 | H56: ='[4]БР _МА 2026_27012026'!F26 -> 1560.2 | I56: ='[4]БР _МА 2026_27012026'!G26 -> 1559.9 | J56: ='[4]БР _МА 2026_27012026'!H26 -> 1617.5
A57: Иные бюджетные ассигнования | B57: 0104 | C57: 00203 00032 | D57: 800 | E57: =E58 -> 3 | F57: =F58 -> 3 | G57: =G58 -> 3
A58: Уплата налогов, сборов и иных платежей | B58: 0104 | C58: 00203 00032 | D58: 850 | E58: =E59+E60+E61 -> 3 | F58: =F59+F60+F61 -> 3 | G58: =G59+G60+G61 -> 3
A59: Уплата налога на имущество организаций и земельного налога | B59: 0104 | C59: 00203 00032 | D59: 851 | E59: ='[4]БР _МА 2026_27012026'!F44 -> 0 | F59: 0 | G59: 0
A60: Уплата прочих налогов, сборов | B60: 0104 | C60: 00203 00032 | D60: 852 | E60: ='[4]БР _МА 2026_27012026'!F45 -> 0 | F60: 0 | G60: 0
A61: Уплата иных платежей | B61: 0104 | C61: 00203 00032 | D61: 853 | E61: ='[4]БР _МА 2026_27012026'!F41 -> 3 | F61: 3 | G61: 3
A62: Расходы на исполнение государственного полномочия по организации осуществлению деятельности по опеке и попечительству за счет средств местного бюджета | B62: 0104 | C62: 00200 N0850 | E62: =E63 -> 2038.5 | F62: =F63 -> 2123.3 | G62: =G63 -> 2210.9
A63: Расходы на выплаты персоналу в целях обеспечения выполнения функций государственными (муниципальными) органами, казенными учреждениями, органами управления государственными внебюджетными фондами | B63: 0104 | C63: 00200 N0850 | D63: 100 | E63: =E64 -> 2038.5 | F63: =F64 -> 2123.3 | G63: =G64 -> 2210.9 | H63: =H65+H66 -> 2038.5 | I63: =I65+I66 -> 2123.3 | J63: =J65+J66 -> 2210.9
A64: Расходы на выплаты персоналу государственных (муниципальных) органов | B64: 0104 | C64: 00200 N0850 | D64: 120 | E64: =E65+E66 -> 2038.5 | F64: =F65+F66 -> 2123.3 | G64: =G65+G66 -> 2210.9
A65: Фонд оплаты труда государственных (муниципальных) органов | B65: 0104 | C65: 00200 N0850 | D65: 121 | E65: ='[4]БР _МА 2026_27012026'!F54 -> 1565.7 | F65: ='[4]БР _МА 2026_27012026'!G54 -> 1630.8 | G65: ='[4]БР _МА 2026_27012026'!H54 -> 1697.3 | H65: ='[4]БР _МА 2026_27012026'!F55 -> 1565.7 | I65: ='[4]БР _МА 2026_27012026'!G55 -> 1630.8 | J65: ='[4]БР _МА 2026_27012026'!H55 -> 1697.3
A66: Взносы по обязательному социальному страхованию на выплаты денежного содержания и иные выплаты работникам государственных (муниципальных) органов | B66: 0104 | C66: 00200 N0850 | D66: 129 | E66: ='[4]БР _МА 2026_27012026'!F57 -> 472.8 | F66: ='[4]БР _МА 2026_27012026'!G58 -> 492.5 | G66: ='[4]БР _МА 2026_27012026'!H58 -> 513.6 | H66: ='[4]БР _МА 2026_27012026'!F57 -> 472.8 | I66: ='[4]БР _МА 2026_27012026'!G57 -> 492.5 | J66: ='[4]БР _МА 2026_27012026'!H57 -> 513.6
A67: Расходы на исполнение государственного полномочия по организации осуществлению деятельности по опеке и попечительству за счет субвенций из бюджета Санкт-Петербурга | B67: 0104 | C67: 00200 G0850 | E67: =E68+E72 -> 4746 | F67: =F68+F72 -> 4943 | G67: =G68+G72 -> 5144.7
A68: Расходы на выплаты персоналу в целях обеспечения выполнения функций государственными (муниципальными) органами, казенными учреждениями, органами управления государственными внебюджетными фондами | B68: 0104 | C68: 00200 G0850 | D68: 100 | E68: =E69 -> 4562.3 | F68: =F69 -> 4752.2 | G68: =G69 -> 4946 | H68: =H70+H71 -> 4562.3 | I68: =I70+I71 -> 4752.2 | J68: =J70+J71 -> 4946
A69: Расходы на выплаты персоналу государственных (муниципальных) органов | B69: 0104 | C69: 00200 G0850 | D69: 120 | E69: =E70+E71 -> 4562.3 | F69: =F70+F71 -> 4752.2 | G69: =G70+G71 -> 4946
A70: Фонд оплаты труда государственных (муниципальных) органов | B70: 0104 | C70: 00200 G0850 | D70: 121 | E70: ='[4]БР _МА 2026_27012026'!F64 -> 3504.1 | F70: ='[4]БР _МА 2026_27012026'!G64 -> 3649.9 | G70: ='[4]БР _МА 2026_27012026'!H65 -> 3798.8 | H70: ='[4]БР _МА 2026_27012026'!F64 -> 3504.1 | I70: ='[4]БР _МА 2026_27012026'!G64 -> 3649.9 | J70: ='[4]БР _МА 2026_27012026'!H64 -> 3798.8
A71: Взносы по обязательному социальному страхованию на выплаты денежного содержания и иные выплаты работникам государственных (муниципальных) органов | B71: 0104 | C71: 00200 G0850 | D71: 129 | E71: ='[4]БР _МА 2026_27012026'!F69 -> 1058.2 | F71: ='[4]БР _МА 2026_27012026'!G69 -> 1102.3 | G71: ='[4]БР _МА 2026_27012026'!H69 -> 1147.2 | H71: ='[4]БР _МА 2026_27012026'!F68 -> 1058.2 | I71: ='[4]БР _МА 2026_27012026'!G68 -> 1102.3 | J71: ='[4]БР _МА 2026_27012026'!H68 -> 1147.2
A72: Закупка товаров, работ и услуг для обеспечения государственных (муниципальных) нужд | B72: 0104 | C72: 00200 G0850 | D72: 200 | E72: =E73 -> 183.7 | F72: =F73 -> 190.8 | G72: =G73 -> 198.7
A73: Иные закупки товаров, работ и услуг для обеспечения государственных (муниципальных) нужд | B73: 0104 | C73: 00200 G0850 | D73: 240 | E73: =E74 -> 183.7 | F73: =F74 -> 190.8 | G73: =G74 -> 198.7
A74: Прочая закупка товаров, работ и услуг | B74: 0104 | C74: 00200 G0850 | D74: 244 | E74: ='[4]БР _МА 2026_27012026'!F72 -> 183.7 | F74: 190.8 | G74: 198.7 | H74: ='[4]БР _МА 2026_27012026'!F73 -> 183.7 | I74: ='[4]БР _МА 2026_27012026'!G73 -> 190.8 | J74: ='[4]БР _МА 2026_27012026'!H73 -> 198.7
A75: РЕЗЕРВНЫЕ ФОНДЫ | B75: 0111 | E75: =E76 -> 30 | F75: =F76 -> 30 | G75: =G76 -> 30
A76: Резервный фонд местной администрации | B76: 0111 | C76: 07001 00061 | E76: =E77 -> 30 | F76: =F77 -> 30 | G76: =G77 -> 30
A77: Иные бюджетные ассигнования | B77: 0111 | C77: 07001 00061 | D77: 800 | E77: =E78 -> 30 | F77: =F78 -> 30 | G77: =G78 -> 30
A78: Резервные средства | B78: 0111 | C78: 07001 00061 | D78: 870 | E78: 30 | F78: 30 | G78: 30
A79: ДРУГИЕ ОБЩЕГОСУДАРСТВЕННЫЕ ВОПРОСЫ | B79: 0113 | E79: =E80+E84+E88 -> 300.1 | F79: =F80+F84+F88 -> 308.5 | G79: =G80+G84+G88 -> 316.9
A80: Исполнение судебных актов РФ и мировых соглашений по возмещению вреда, причиненного гражданину или юридическому лицу в результате незаконных действий (бездействия) органов местного самоуправления либо должностных лиц этих органов, а также деятельности государственных (муниципальных) учреждений | B80: 0113 | C80: 09200 00281 | E80: =E81 -> 100 | F80: =F81 -> 100 | G80: =G81 -> 100
A81: Иные бюджетные ассигнования | B81: 0113 | C81: 09200 00281 | D81: 800 | E81: =E82 -> 100 | F81: =F82 -> 100 | G81: =G82 -> 100
A82: Исполнение судебных актов | B82: 0113 | C82: 09200 00281 | D82: 830 | E82: =E83 -> 100 | F82: =F83 -> 100 | G82: =G83 -> 100
A83: Исполнение судебных актов Российской Федерации и мировых соглашений по возмещению причиненного вреда | B83: 0113 | C83: 09200 00281 | D83: 831 | E83: ='[4]БР _МА 2026_27012026'!F93 -> 100 | F83: ='[4]БР _МА 2026_27012026'!G93 -> 100 | G83: ='[4]БР _МА 2026_27012026'!H93 -> 100 | H83: ='[4]БР _МА 2026_27012026'!F94 -> 100 | I83: ='[4]БР _МА 2026_27012026'!G94 -> 100 | J83: ='[4]БР _МА 2026_27012026'!H94 -> 100
A84: Осуществление защиты прав потребителей | B84: 0113 | C84: 09207 00743 | E84: =E85 -> 190 | F84: =F85 -> 198 | G84: =G85 -> 206
A85: Закупка товаров, работ и услуг для обеспечения государственных (муниципальных) нужд | B85: 0113 | C85: 09207 00743 | D85: 200 | E85: =E86 -> 190 | F85: =F86 -> 198 | G85: =G86 -> 206
A86: Иные закупки товаров, работ и услуг для обеспечения государственных (муниципальных) нужд | B86: 0113 | C86: 09207 00743 | D86: 240 | E86: =E87 -> 190 | F86: =F87 -> 198 | G86: =G87 -> 206
A87: Прочая закупка товаров, работ и услуг | B87: 0113 | C87: 09207 00743 | D87: 244 | E87: 190 | F87: 198 | G87: 206 | H87: ='[4]БР _МА 2026_27012026'!F100 -> 190 | I87: ='[4]БР _МА 2026_27012026'!G100 -> 198 | J87: ='[4]БР _МА 2026_27012026'!H100 -> 206
A88: Расходы на исполнение государственного полномочия по составлению протоколов об административных правонарушениях за счет субвенций из бюджета Санкт-Петербурга | B88: 0113 | C88: 09200 G0100 | E88: =E89 -> 10.1 | F88: =F89 -> 10.5 | G88: =G89 -> 10.9
A89: Закупка товаров, работ и услуг для обеспечения государственных (муниципальных) нужд | B89: 0113 | C89: 09200 G0100 | D89: 200 | E89: =E90 -> 10.1 | F89: =F90 -> 10.5 | G89: =G90 -> 10.9
A90: Иные закупки товаров, работ и услуг для обеспечения государственных (муниципальных) нужд | B90: 0113 | C90: 09200 G0100 | D90: 240 | E90: =E91 -> 10.1 | F90: =F91 -> 10.5 | G90: =G91 -> 10.9
A91: Прочая закупка товаров, работ и услуг | B91: 0113 | C91: 09200 G0100 | D91: 244 | E91: 10.1 | F91: 10.5 | G91: 10.9
A92: НАЦИОНАЛЬНАЯ БЕЗОПАСНОСТЬ И ПРАВООХРАНИТЕЛЬНАЯ ДЕЯТЕЛЬНОСТЬ | B92: 0300 | E92: =E93 -> 163 | F92: =F93 -> 170 | G92: =G93 -> 179
A93: Защита населения и территории от чрезвычайных ситуаций природного и техногенного характера, пожарная безопасность | B93: 0310 | E93: =E94 -> 163 | F93: =F94 -> 170 | G93: =G94 -> 179
A94: Проведение подготовки и обучения неработающего населения способам защиты и действиям в чрезвычайных ситуациях, а также способам защиты от опасностей, возникающих при ведении военных действий или вследствие этих действий | B94: 0310 | C94: 21903 00091 | E94: =E95 -> 163 | F94: =F95 -> 170 | G94: =G95 -> 179
A95: Закупка товаров, работ и услуг для обеспечения государственных (муниципальных) нужд | B95: 0310 | C95: 21903 00091 | D95: 200 | E95: =E96 -> 163 | F95: =F96 -> 170 | G95: =G96 -> 179
A96: Иные закупки товаров, работ и услуг для обеспечения государственных (муниципальных) нужд | B96: 0310 | C96: 21903 00091 | D96: 240 | E96: =E97 -> 163 | F96: =F97 -> 170 | G96: =G97 -> 179
A97: Прочая закупка товаров, работ и услуг | B97: 0310 | C97: 21903 00091 | D97: 244 | E97: 163 | F97: 170 | G97: 179 | H97: ='[4]БР _МА 2026_27012026'!F112 -> 163 | I97: ='[4]БР _МА 2026_27012026'!G112 -> 170 | J97: ='[4]БР _МА 2026_27012026'!H112 -> 179
A98: НАЦИОНАЛЬНАЯ ЭКОНОМИКА | B98: 0400 | E98: =E99 -> 1237.4 | F98: =F99 -> 1294.5 | G98: =G99 -> 1347.3
A99: Общеэкономические вопросы | B99: 0401 | E99: =E101 -> 1237.4 | F99: =F101 -> 1294.5 | G99: =G101 -> 1347.3
A100: Выполнение функций муниципальным казенным учреждением "Автовский Центр благоустройства и социального развития" | B100: 0401 | E100: =E101 -> 1237.4 | F100: =F101 -> 1294.5 | G100: =G101 -> 1347.3
A101: Организация и финансирование временного трудоустройства несовершеннолетних в возрасте от 14 до 18 лет в свободное от учебы время | B101: 0401 | C101: 51002 00101 | E101: =E102+E106 -> 1237.4 | F101: =F102+F106 -> 1294.5 | G101: =G102+G106 -> 1347.3
A102: Расходы на выплаты персоналу в целях обеспечения выполнения функций государственными (муниципальными) органами, казенными учреждениями, органами управления государственными внебюджетными фондами | B102: 0401 | C102: 51002 00101 | D102: 100 | E102: =E103 -> 1054.2 | F102: =F103 -> 1102.9 | G102: =G103 -> 1147.9
A103: Расходы на выплаты персоналу казенных учреждений | B103: 0401 | C103: 51002 00101 | D103: 110 | E103: =E104+E105 -> 1054.2 | F103: =F104+F105 -> 1102.9 | G103: =G104+G105 -> 1147.9
...

Sheet СВОДНАЯ БР 2021_проект
A1: Приложение к постановлению местной администрации МО МО Автово от _______2020 года года № ____
A2: Глава местной администрации МО МО Автово ____________ А.В.Кесаев
A4: СВОДНАЯ БЮДЖЕТНАЯ РОСПИСЬ МУНИЦИПАЛЬНОГО ОБРАЗОВАНИЯ МУНИЦИПАЛЬНЫЙ ОКРУГ АВТОВО НА 2021 ГОД
A6: Главные распорядители средств местного бюджета МО МО Автово : муниципальный совет МО Автово (код 964), местная администрация МО МО Автово (код 928), Избирательная комиссия МО МО Автово (код 941)
A8: Наименование | B8: Код раздела, подраздела | C8: Код целевой статьи | D8: Код вида расходов (группа, подгруппа, элемент) | E8: Сумма (тыс.руб.)
A10: Муниципальный совет внутригородского муниципального образования города федерального значения Санкт-Петербурга муниципальный округ Автово (код главного распорядителя бюджетных средств 964) | E10: =E11 -> 6069.1 | G10: ='[6]БР_МС 2020'!F10 -> 5761.9 | H10: =E10-G10 -> 307.2 | I10: =E11+E45+E50+E63 -> 18429.8
A11: Общегосударственные вопросы | B11: 0100 | E11: =E12+E18+E37 -> 6069.1 | G11: ='[6]БР_МС 2020'!F11 -> 5761.9 | H11: =E11-G11 -> 307.2 | I11: =#REF! -> #REF!
A12: Функционирование высшего должностного лица субъекта Российской Федерации и муниципального образования | B12: 0102 | E12: =E13 -> 1380.6 | G12: ='[6]БР_МС 2020'!F12 -> 1327.8 | H12: =E12-G12 -> 52.8 | I12: =#REF! -> #REF!
A13: Глава муниципального образования | B13: 0102 | C13: 00201 00011 | E13: =E14 -> 1380.6 | G13: ='[6]БР_МС 2020'!F13 -> 1327.8 | H13: =E13-G13 -> 52.8
A14: Расходы на выплаты персоналу в целях обеспечения выполнения функций государственными (муниципальными) органами, казенными учреждениями, органами управления государственными внебюджетными фондами | B14: 0102 | C14: 00201 00011 | D14: 100 | E14: =E15 -> 1380.6 | G14: ='[6]БР_МС 2020'!F14 -> 1327.8 | H14: =E14-G14 -> 52.8
A15: Расходы на выплаты персоналу государственных (муниципальных) органов | B15: 0102 | C15: 00201 00011 | D15: 120 | E15: =E16+E17 -> 1380.6 | G15: ='[6]БР_МС 2020'!F15 -> 1327.8 | H15: =E15-G15 -> 52.8
A16: Фонд оплаты труда государственных (муниципальных) органов | B16: 0102 | C16: 00201 00011 | D16: 121 | E16: 1062.2
A17: Взносы по обязательному социальному страхованию на выплаты денежного содержания и иные выплаты работникам государственных (муниципальных) органов | B17: 0102 | C17: 00201 00011 | D17: 129 | E17: 318.4
A18: Функционирование законодательных (представительных) органов государственной власти и представительных органов муниципальных образований | B18: 0103 | E18: =E19+E23 -> 4592.5 | G18: ='[6]БР_МС 2020'!F22 -> 4338.1 | H18: =E18-G18 -> 254.4 | I18: =#REF! -> #REF! | J18: =E18-I18 -> #REF!
A19: Компенсация депутатам, осуществляющим свои полномочия на непостоянной основе | B19: 0103 | C19: 00203 00022 | E19: =E20 -> 316.5 | G19: ='[6]БР_МС 2020'!F23 -> 304.6 | H19: =E19-G19 -> 11.9 | I19: =#REF! -> #REF! | J19: =E19-I19 -> #REF!
A20: Расходы на выплаты персоналу в целях обеспечения выполнения функций государственными (муниципальными) органами, казенными учреждениями, органами управления государственными внебюджетными фондами | B20: 0103 | C20: 00203 00022 | D20: 100 | E20: =E21 -> 316.5 | G20: ='[6]БР_МС 2020'!F24 -> 304.6 | H20: =E20-G20 -> 11.9
A21: Расходы на выплаты персоналу государственных (муниципальных) органов | B21: 0103 | C21: 00203 00022 | D21: 120 | E21: =E22 -> 316.5 | G21: ='[6]БР_МС 2020'!F25 -> 304.6 | H21: =E21-G21 -> 11.9
A22: Иные выплаты, за исключением фонда оплаты труда государственных (муниципальных) органов, лицам, привлекаемым согласно законодательству для выполнения отдельных полномочий | B22: 0103 | C22: 00203 00022 | D22: 123 | E22: 316.5
A23: Аппарат представительного органа муниципального образования | B23: 0103 | C23: 00204 00021 | E23: =E24+E28+E32 -> 4276 | G23: ='[6]БР_МС 2020'!F29 -> 4033.5 | H23: =E23-G23 -> 242.5 | I23: =#REF! -> #REF! | J23: =E23-I23 -> #REF!
A24: Расходы на выплаты персоналу в целях обеспечения выполнения функций государственными (муниципальными) органами, казенными учреждениями, органами управления государственными внебюджетными фондами | B24: 0103 | C24: 00204 00021 | D24: 100 | E24: =E25 -> 2339.4 | G24: ='[6]БР_МС 2020'!F30 -> 2257 | H24: =E24-G24 -> 82.4 | I24: =#REF! -> #REF!
A25: Расходы на выплаты персоналу государственных (муниципальных) органов | B25: 0103 | C25: 00204 00021 | D25: 120 | E25: =E26+E27 -> 2339.4 | G25: ='[6]БР_МС 2020'!F31 -> 2257 | H25: =E25-G25 -> 82.4
A26: Фонд оплаты труда государственных (муниципальных) органов | B26: 0103 | C26: 00204 00021 | D26: 121 | E26: 1796.8
A27: Взносы по обязательному социальному страхованию на выплаты денежного содержания и иные выплаты работникам государственных (муниципальных) органов | B27: 0103 | C27: 00204 00021 | D27: 129 | E27: 542.6 | I27: =#REF! -> #REF!
A28: Закупка товаров, работ и услуг для обеспечения государственных (муниципальных) нужд | B28: 0103 | C28: 00204 00021 | D28: 200 | E28: =E29 -> 1927.5 | G28: ='[6]БР_МС 2020'!F38 -> 1767.4 | H28: =E28-G28 -> 160.1 | I28: =#REF! -> #REF!
A29: Иные закупки товаров, работ и услуг для обеспечения государственных (муниципальных) нужд | B29: 0103 | C29: 00204 00021 | D29: 240 | E29: =E30+E31 -> 1927.5 | G29: ='[6]БР_МС 2020'!F39 -> 1767.4 | H29: =E29-G29 -> 160.1 | I29: =#REF! -> #REF! | J29: =I29-E31 -> #REF!
A30: Прочая закупка товаров, работ и услуг | B30: 0103 | C30: 00204 00021 | D30: 244 | E30: 1811.4
A31: Закупка энергетических ресурсов | B31: 0103 | C31: 00204 00021 | D31: 247 | E31: 116.1
A32: Иные бюджетные ассигнования | B32: 0103 | C32: 00204 00021 | D32: 800 | E32: =E33 -> 9.1 | G32: ='[6]БР_МС 2020'!F53 -> 9.1 | H32: =E32-G32 -> 0
A33: Уплата налогов, сборов и иных платежей | B33: 0103 | C33: 00204 00021 | D33: 850 | E33: =E34+E35+E36 -> 9.1 | G33: ='[6]БР_МС 2020'!F54 -> 9.1 | H33: =E33-G33 -> 0
A34: Уплата налога на имущество организаций и земельного налога | B34: 0103 | C34: 00204 00021 | D34: 851 | E34: 0
A35: Уплата прочих налогов, сборов | B35: 0103 | C35: 00204 00021 | D35: 852 | E35: 8.1
A36: Уплата иных платежей | B36: 0103 | C36: 00204 00021 | D36: 853 | E36: 1
A37: ДРУГИЕ ОБЩЕГОСУДАРСТВЕННЫЕ ВОПРОСЫ | B37: 0113 | E37: =E38 -> 96 | G37: ='[6]БР_МС 2020'!F64 -> 96 | H37: =E37-G37 -> 0
A38: Уплата членских взносов на осуществление деятельности Совета муниципальных образований Санкт-Петербурга и содержание его органов | B38: 0113 | C38: 09205 00441 | E38: =E39 -> 96 | G38: ='[6]БР_МС 2020'!F65 -> 96 | H38: =E38-G38 -> 0
A39: Иные бюджетные ассигнования | B39: 0113 | C39: 09205 00441 | D39: 800 | E39: =E40 -> 96 | G39: ='[6]БР_МС 2020'!F66 -> 96 | H39: =E39-G39 -> 0
A40: Уплата прочих налогов, сборов и иных платежей | B40: 0113 | C40: 09205 00441 | D40: 850 | E40: =E41 -> 96 | G40: ='[6]БР_МС 2020'!F67 -> 96 | H40: =E40-G40 -> 0
A41: Уплата иных платежей | B41: 0113 | C41: 09205 00441 | D41: 853 | E41: 96
A42: Местная администрация внутригородского муниципального образования города федерального значения Санкт-Петербурга муниципальный округ Автово (код главного распорядителя бюджетных средств 928) | E42: =E43+E93+E99+E110+E146+E182+E195+E215+E235 -> 85784.6 | G42: ='[6]БР _МА 2020'!F10 -> 87843.1 | H42: =E42-G42 -> -2058.5
A43: ОБЩЕГОСУДАРСТВЕННЫЕ ВОПРОСЫ | B43: 0100 | E43: =E44+E75+E79 -> 14765.3 | G43: ='[6]БР _МА 2020'!F11 -> 15106.5 | H43: =E43-G43 -> -341.2 | I43: =#REF! -> #REF!
A44: Функционирование Правительства Российской Федерации, высших исполнительных органов государственной власти субъектов Российской Федерации, местных администраций | B44: 0104 | E44: =E45+E50+E63+E67 -> 14327.5 | G44: ='[6]БР _МА 2020'!F12 -> 14719 | H44: =E44-G44 -> -391.5 | I44: =#REF! -> #REF! | J44: =I43-I44 -> #REF!
A45: Содержание и обеспечение деятельности местной администрации (исполнительно-распорядительного органа) муниципального образования (глава местной администрации) | B45: 0104 | C45: 00203 00031 | E45: =E46 -> 1380.6 | G45: ='[6]БР _МА 2020'!F13 -> 1327.8 | H45: =E45-G45 -> 52.8 | I45: =#REF! -> #REF!
A46: Расходы на выплаты персоналу в целях обеспечения выполнения функций государственными (муниципальными) органами, казенными учреждениями, органами управления государственными внебюджетными фондами | B46: 0104 | C46: 00203 00031 | D46: 100 | E46: =E47 -> 1380.6 | G46: ='[6]БР _МА 2020'!F14 -> 1327.8 | H46: =E46-G46 -> 52.8
A47: Расходы на выплаты персоналу государственных (муниципальных) органов | B47: 0104 | C47: 00203 00031 | D47: 120 | E47: =E48+E49 -> 1380.6 | G47: ='[6]БР _МА 2020'!F15 -> 1327.8 | H47: =E47-G47 -> 52.8
A48: Фонд оплаты труда государственных (муниципальных) органов | B48: 0104 | C48: 00203 00031 | D48: 121 | E48: 1062.2
A49: Взносы по обязательному социальному страхованию на выплаты денежного содержания и иные выплаты работникам государственных (муниципальных) органов | B49: 0104 | C49: 00203 00031 | D49: 129 | E49: 318.4
A50: Содержание и обеспечение деятельности местной администрации (исполнительно-распорядительного органа) муниципального образования | B50: 0104 | C50: 00203 00032 | E50: =E51+E55+E58 -> 10150.3 | G50: ='[6]БР _МА 2020'!F22 -> 10698.9 | H50: =E50-G50 -> -548.6 | I50: =#REF! -> #REF!
A51: Расходы на выплаты персоналу в целях обеспечения выполнения функций государственными (муниципальными) органами, казенными учреждениями, органами управления государственными внебюджетными фондами | B51: 0104 | C51: 00203 00032 | D51: 100 | E51: =E52 -> 8739.9 | G51: ='[6]БР _МА 2020'!F23 -> 9263.6 | H51: =E51-G51 -> -523.7
A52: Расходы на выплаты персоналу государственных (муниципальных) органов | B52: 0104 | C52: 00203 00032 | D52: 120 | E52: =E53+E54 -> 8739.9 | G52: ='[6]БР _МА 2020'!F24 -> 9263.6 | H52: =E52-G52 -> -523.7
A53: Фонд оплаты труда государственных (муниципальных) органов | B53: 0104 | C53: 00203 00032 | D53: 121 | E53: 6712.6
A54: Взносы по обязательному социальному страхованию на выплаты денежного содержания и иные выплаты работникам государственных (муниципальных) органов | B54: 0104 | C54: 00203 00032 | D54: 129 | E54: 2027.3
A55: Закупка товаров, работ и услуг для обеспечения государственных (муниципальных) нужд | B55: 0104 | C55: 00203 00032 | D55: 200 | E55: =E56 -> 1407.4 | G55: ='[6]БР _МА 2020'!F33 -> 1433.3 | H55: =E55-G55 -> -25.9 | I55: =#REF! -> #REF!
A56: Иные закупки товаров, работ и услуг для обеспечения государственных (муниципальных) нужд | B56: 0104 | C56: 00203 00032 | D56: 240 | E56: =E57 -> 1407.4 | G56: ='[6]БР _МА 2020'!F34 -> 1433.3 | H56: =E56-G56 -> -25.9
A57: Прочая закупка товаров, работ и услуг | B57: 0104 | C57: 00203 00032 | D57: 244 | E57: =1350.1+69.4-12.1 -> 1407.4
A58: Иные бюджетные ассигнования | B58: 0104 | C58: 00203 00032 | D58: 800 | E58: =E59 -> 3 | G58: ='[6]БР _МА 2020'!F47 -> 2 | H58: =E58-G58 -> 1
A59: Уплата налогов, сборов и иных платежей | B59: 0104 | C59: 00203 00032 | D59: 850 | E59: =E60+E61+E62 -> 3 | G59: ='[6]БР _МА 2020'!F48 -> 2 | H59: =E59-G59 -> 1
A60: Уплата налога на имущество организаций и земельного налога | B60: 0104 | C60: 00203 00032 | D60: 851 | E60: 0
A61: Уплата прочих налогов, сборов | B61: 0104 | C61: 00203 00032 | D61: 852 | E61: 1
A62: Уплата иных платежей | B62: 0104 | C62: 00203 00032 | D62: 853 | E62: 2
A63: Расходы на исполнение государственного полномочия по организации осуществлению деятельности по опеке и попечительству за счет средств местного бюджета | B63: 0104 | C63: 00200 Г0850 | D63: 100 | E63: =E64 -> 829.8 | G63: ='[6]БР _МА 2020'!F58 -> 798.6 | H63: =E63-G63 -> 31.2 | I63: =#REF! -> #REF!
A64: Расходы на выплаты персоналу государственных (муниципальных) органов | B64: 0104 | C64: 00200 Г0850 | D64: 120 | E64: =E65+E66 -> 829.8 | G64: ='[6]БР _МА 2020'!F59 -> 798.6 | H64: =E64-G64 -> 31.2
A65: Фонд оплаты труда государственных (муниципальных) органов | B65: 0104 | C65: 00200 Г0850 | D65: 121 | E65: 637.3
A66: Взносы по обязательному социальному страхованию на выплаты денежного содержания и иные выплаты работникам государственных (муниципальных) органов | B66: 0104 | C66: 00200 Г0850 | D66: 129 | E66: 192.5
A67: Расходы на исполнение государственного полномочия по организации осуществлению деятельности по опеке и попечительству за счет субвенций из бюджета Санкт-Петербурга | B67: 0104 | C67: 00200 G0850 | E67: =E68+E72 -> 1966.8 | G67: ='[6]БР _МА 2020'!F66 -> 1893.7 | H67: =E67-G67 -> 73.1 | I67: =#REF! -> #REF!
A68: Расходы на выплаты персоналу в целях обеспечения выполнения функций государственными (муниципальными) органами, казенными учреждениями, органами управления государственными внебюджетными фондами | B68: 0104 | C68: 00200 G0850 | D68: 100 | E68: =E69 -> 1825.5 | G68: ='[6]БР _МА 2020'!F67 -> 1756.9 | H68: =E68-G68 -> 68.6
A69: Расходы на выплаты персоналу государственных (муниципальных) органов | B69: 0104 | C69: 00200 G0850 | D69: 120 | E69: =E70+E71 -> 1825.5 | G69: ='[6]БР _МА 2020'!F68 -> 1756.9 | H69: =E69-G69 -> 68.6
A70: Фонд оплаты труда государственных (муниципальных) органов | B70: 0104 | C70: 00200 G0850 | D70: 121 | E70: 1402.1
A71: Взносы по обязательному социальному страхованию на выплаты денежного содержания и иные выплаты работникам государственных (муниципальных) органов | B71: 0104 | C71: 00200 G0850 | D71: 129 | E71: 423.4
A72: Закупка товаров, работ и услуг для обеспечения государственных (муниципальных) нужд | B72: 0104 | C72: 00200 G0850 | D72: 200 | E72: =E73 -> 141.3 | G72: ='[6]БР _МА 2020'!F77 -> 136.8 | H72: =E72-G72 -> 4.5
A73: Иные закупки товаров, работ и услуг для обеспечения государственных (муниципальных) нужд | B73: 0104 | C73: 00200 G0850 | D73: 240 | E73: =E74 -> 141.3 | G73: ='[6]БР _МА 2020'!F78 -> 136.8 | H73: =E73-G73 -> 4.5
A74: Прочая закупка товаров, работ и услуг | B74: 0104 | C74: 00200 G0850 | D74: 244 | E74: =142.2-69.4+68.5 -> 141.3
A75: РЕЗЕРВНЫЕ ФОНДЫ | B75: 0111 | E75: =E76 -> 30 | G75: ='[6]БР _МА 2020'!F87 -> 30 | H75: =E75-G75 -> 0
A76: Резервный фонд местной администрации | B76: 0111 | C76: 07001 00061 | E76: =E77 -> 30 | G76: ='[6]БР _МА 2020'!F88 -> 30 | H76: =E76-G76 -> 0
A77: Иные бюджетные ассигнования | B77: 0111 | C77: 07001 00061 | D77: 800 | E77: =E78 -> 30 | G77: ='[6]БР _МА 2020'!F89 -> 30 | H77: =E77-G77 -> 0
A78: Резервные средства | B78: 0111 | C78: 07001 00061 | D78: 870 | E78: 30 | G78: ='[6]БР _МА 2020'!F90 -> 30 | H78: =E78-G78 -> 0
A79: ДРУГИЕ ОБЩЕГОСУДАРСТВЕННЫЕ ВОПРОСЫ | B79: 0113 | E79: =E81+E85+E89 -> 407.8 | F79: =F80+F99 -> 0 | G79: ='[6]БР _МА 2020'!F93 -> 357.5 | H79: =E79-G79 -> 50.3
A80: Исполнение судебных решений | B80: 0113 | E80: =E81 -> 250 | F80: =F81 -> 0 | G80: ='[6]БР _МА 2020'!F94 -> 200 | H80: =E80-G80 -> 50
A81: Исполнение судебных актов РФ и мировых соглашений по возмещению вреда, причиненного гражданину или юридическому лицу в результате незаконных действий (бездействия) органов местного самоуправления либо должностных лиц этих органов, а также деятельности государственных (муниципальных) учреждений | B81: 0113 | C81: 09200 00281 | E81: =E82 -> 250 | F81: =F82 -> 0 | G81: ='[6]БР _МА 2020'!F95 -> 200 | H81: =E81-G81 -> 50
A82: Иные бюджетные ассигнования | B82: 0113 | C82: 09200 00281 | D82: 800 | E82: =E83 -> 250 | F82: =F83 -> 0 | G82: ='[6]БР _МА 2020'!F96 -> 200 | H82: =E82-G82 -> 50
A83: Исполнение судебных актов | B83: 0113 | C83: 09200 00281 | D83: 830 | E83: =E84 -> 250 | F83: =F85 -> 0 | G83: ='[6]БР _МА 2020'!F97 -> 200 | H83: =E83-G83 -> 50
A84: Исполнение судебных актов Российской Федерации и мировых соглашений по возмещению причиненного вреда | B84: 0113 | C84: 09200 00281 | D84: 831 | E84: 250
A85: Осуществление защиты прав потребителей | B85: 0113 | C85: 09207 00743 | E85: =E86 -> 150 | G85: ='[6]БР _МА 2020'!F101 -> 150 | H85: =E85-G85 -> 0
A86: Закупка товаров, работ и услуг для обеспечения государственных (муниципальных) нужд | B86: 0113 | C86: 09207 00743 | D86: 200 | E86: =E87 -> 150 | F86: =F87 -> #REF! | G86: ='[6]БР _МА 2020'!F102 -> 150 | H86: =E86-G86 -> 0
A87: Иные закупки товаров, работ и услуг для обеспечения государственных (муниципальных) нужд | B87: 0113 | C87: 09207 00743 | D87: 240 | E87: =E88 -> 150 | F87: =#REF! -> #REF! | G87: ='[6]БР _МА 2020'!F103 -> 150 | H87: =E87-G87 -> 0
A88: Прочая закупка товаров, работ и услуг | B88: 0113 | C88: 09207 00743 | D88: 244 | E88: 150
A89: Расходы на исполнение государственного полномочия по составлению протоколов об административных правонарушениях за счет субвенций из бюджета Санкт-Петербурга | B89: 0113 | C89: 09200 G0100 | E89: =E90 -> 7.8 | G89: ='[6]БР _МА 2020'!F107 -> 7.5 | H89: =E89-G89 -> 0.3
A90: Закупка товаров, работ и услуг для обеспечения государственных (муниципальных) нужд | B90: 0113 | C90: 09200 G0100 | D90: 200 | E90: =E91 -> 7.8 | G90: ='[6]БР _МА 2020'!F108 -> 7.5 | H90: =E90-G90 -> 0.3
A91: Иные закупки товаров, работ и услуг для обеспечения государственных (муниципальных) нужд | B91: 0113 | C91: 09200 G0100 | D91: 240 | E91: =E92 -> 7.8 | G91: ='[6]БР _МА 2020'!F109 -> 7.5 | H91: =E91-G91 -> 0.3
A92: Прочая закупка товаров, работ и услуг | B92: 0113 | C92: 09200 G0100 | D92: 244 | E92: 7.8
A93: НАЦИОНАЛЬНАЯ БЕЗОПАСНОСТЬ И ПРАВООХРАНИТЕЛЬНАЯ ДЕЯТЕЛЬНОСТЬ | B93: 0300 | E93: =E94 -> 350 | G93: ='[6]БР _МА 2020'!F114 -> 150 | H93: =E93-G93 -> 200
A94: Защита населения и территории от чрезвычайных ситуаций природного и техногенного характера, гражданская оборона | B94: 0309 | E94: =E95 -> 350 | G94: ='[6]БР _МА 2020'!F115 -> 150 | H94: =E94-G94 -> 200
A95: Проведение подготовки и обучения неработающего населения способам защиты и действиям в чрезвычайных ситуациях, а также способам защиты от опасностей, возникающих при ведении военных действий или вследствие этих действий | B95: 0309 | C95: 21903 00091 | E95: =E96 -> 350 | G95: ='[6]БР _МА 2020'!F116 -> 150 | H95: =E95-G95 -> 200
A96: Закупка товаров, работ и услуг для обеспечения государственных (муниципальных) нужд | B96: 0309 | C96: 21903 00091 | D96: 200 | E96: =E97 -> 350 | G96: ='[6]БР _МА 2020'!F117 -> 150 | H96: =E96-G96 -> 200
A97: Иные закупки товаров, работ и услуг для обеспечения государственных (муниципальных) нужд | B97: 0309 | C97: 21903 00091 | D97: 240 | E97: =E98 -> 350 | G97: ='[6]БР _МА 2020'!F118 -> 150 | H97: =E97-G97 -> 200
A98: Прочая закупка товаров, работ и услуг | B98: 0309 | C98: 21903 00091 | D98: 244 | E98: 350
A99: НАЦИОНАЛЬНАЯ ЭКОНОМИКА | B99: 0400 | E99: =E100 -> 718 | G99: ='[6]БР _МА 2020'!F126 -> 726.2 | H99: =E99-G99 -> -8.2
A100: Общеэкономические вопросы | B100: 0401 | E100: =E102 -> 718 | G100: ='[6]БР _МА 2020'!F127 -> 726.2 | H100: =E100-G100 -> -8.2
A101: Выполнение функций муниципальным казенным учреждением "Автовский Центр благоустройства и социального развития" | B101: 0401 | E101: =E102 -> 718 | G101: ='[6]БР _МА 2020'!F128 -> 726.2 | H101: =E101-G101 -> -8.2
A102: Организация и финансирование временного трудоустройства несовершеннолетних в возрасте от 14 до 18 лет в свободное от учебы время | B102: 0401 | C102: 51002 00101 | E102: =E103+E107 -> 718 | G102: ='[6]БР _МА 2020'!F129 -> 726.2 | H102: =E102-G102 -> -8.2
A103: Расходы на выплаты персоналу в целях обеспечения выполнения функций государственными (муниципальными) органами, казенными учреждениями, органами управления государственными внебюджетными фондами | B103: 0401 | C103: 51002 00101 | D103: 100 | E103: =E104 -> 621 | G103: ='[6]БР _МА 2020'!F130 -> 621 | H103: =E103-G103 -> 0
A104: Расходы на выплаты персоналу казенных учреждений | B104: 0401 | C104: 51002 00101 | D104: 110 | E104: =E105+E106 -> 621 | G104: ='[6]БР _МА 2020'!F131 -> 621 | H104: =E104-G104 -> 0
...
